Workbook

Sheet Resumen imprimible
A1: RESUMEN ECONÓMICO DE LA JUSTIFICACIÓN | B1: RESUMEN ECONÓMICO DE LA JUSTIFICACIÓN | C1: RESUMEN ECONÓMICO DE LA JUSTIFICACIÓN | D1: RESUMEN ECONÓMICO DE LA JUSTIFICACIÓN | E1: RESUMEN ECONÓMICO DE LA JUSTIFICACIÓN | F1: RESUMEN ECONÓMICO DE LA JUSTIFICACIÓN | G1: RESUMEN ECONÓMICO DE LA JUSTIFICACIÓN | H1: RESUMEN ECONÓMICO DE LA JUSTIFICACIÓN | I1: RESUMEN ECONÓMICO DE LA JUSTIFICACIÓN | J1: RESUMEN ECONÓMICO DE LA JUSTIFICACIÓN
A2: Cuenta justificativa simplificada · Subvenciones Eventos y Actividades Deportivas 2026
A3: 1. DATOS IDENTIFICATIVOS | B3: 1. DATOS IDENTIFICATIVOS | C3: 1. DATOS IDENTIFICATIVOS | D3: 1. DATOS IDENTIFICATIVOS | E3: 1. DATOS IDENTIFICATIVOS | F3: 1. DATOS IDENTIFICATIVOS | G3: 1. DATOS IDENTIFICATIVOS | H3: 1. DATOS IDENTIFICATIVOS | I3: 1. DATOS IDENTIFICATIVOS | J3: 1. DATOS IDENTIFICATIVOS
A4: Entidad | B4: =IF('Inicio y resumen'!B6="","",'Inicio y resumen'!B6) | G4: NIF | H4: =IF('Inicio y resumen'!G6="","",'Inicio y resumen'!G6)
A5: Actividad | B5: =IF('Inicio y resumen'!B7="","",'Inicio y resumen'!B7)
A6: Expediente | B6: =IF('Inicio y resumen'!B8="","",'Inicio y resumen'!B8) | F6: Representante | G6: =IF('Inicio y resumen'!G8="","",'Inicio y resumen'!G8)
A7: Resolución | B7: =IF('Inicio y resumen'!B10="","",'Inicio y resumen'!B10) | D7: Período | E7: ='Inicio y resumen'!B15 -> 45962 | G7: a | H7: ='Inicio y resumen'!B16 -> 46326
A8: 2. RESUMEN Y CONCILIACIÓN ECONÓMICA | B8: 2. RESUMEN Y CONCILIACIÓN ECONÓMICA | C8: 2. RESUMEN Y CONCILIACIÓN ECONÓMICA | D8: 2. RESUMEN Y CONCILIACIÓN ECONÓMICA | E8: 2. RESUMEN Y CONCILIACIÓN ECONÓMICA | F8: 2. RESUMEN Y CONCILIACIÓN ECONÓMICA | G8: 2. RESUMEN Y CONCILIACIÓN ECONÓMICA | H8: 2. RESUMEN Y CONCILIACIÓN ECONÓMICA | I8: 2. RESUMEN Y CONCILIACIÓN ECONÓMICA | J8: 2. RESUMEN Y CONCILIACIÓN ECONÓMICA
A9: Presupuesto inicial | E9: ='Inicio y resumen'!E10 -> 0 | F9: Subvención concedida | J9: ='Inicio y resumen'!H10 -> 0
A10: Coste real justificado | E10: ='Inicio y resumen'!G14 -> 0 | F10: Otra financiación | J10: ='Inicio y resumen'!G16 -> 0
A11: Imputado a subvención | E11: ='Inicio y resumen'!G15 -> 0 | F11: Financiación total | J11: ='Inicio y resumen'!G18 -> 0
A12: Saldo coste - financiación | E12: ='Inicio y resumen'!G14-'Inicio y resumen'!G18 -> 0 | F12: Ayudas/subvenciones totales | J12: ='Inicio y resumen'!G19 -> 0
A13: Reducción del coste | E13: ='Inicio y resumen'!G21 -> 0 | F13: Subvención recalculada | J13: ='Inicio y resumen'!G22 -> 0
A14: Remanente potencial | E14: ='Inicio y resumen'!G23 -> 0 | F14: Exceso de financiación | J14: ='Inicio y resumen'!G24 -> 0
A15: 3. GASTOS POR CLASIFICACIÓN | B15: 3. GASTOS POR CLASIFICACIÓN | C15: 3. GASTOS POR CLASIFICACIÓN | D15: 3. GASTOS POR CLASIFICACIÓN | E15: 3. GASTOS POR CLASIFICACIÓN | F15: 4. OTROS INGRESOS Y FINANCIACIÓN | G15: 4. OTROS INGRESOS Y FINANCIACIÓN | H15: 4. OTROS INGRESOS Y FINANCIACIÓN | I15: 4. OTROS INGRESOS Y FINANCIACIÓN | J15: 4. OTROS INGRESOS Y FINANCIACIÓN
A16: Clasificación | D16: Coste | E16: Subvención | F16: Tipo | I16: Financiación | J16: Ayuda
A17: Alquiler de maquinaria o equipamiento | D17: =SUMIF(Gastos!$B$7:$B$206,A17,Gastos!$M$7:$M$206) -> 0 | E17: =SUMIF(Gastos!$B$7:$B$206,A17,Gastos!$N$7:$N$206) -> 0 | F17: Otra subvención pública | I17: =SUMIF('Otros ingresos'!$B$7:$B$106,F17,'Otros ingresos'!$L$7:$L$106) -> 0 | J17: =SUMIF('Otros ingresos'!$B$7:$B$106,F17,'Otros ingresos'!$M$7:$M$106) -> 0
A18: Publicidad y propaganda | D18: =SUMIF(Gastos!$B$7:$B$206,A18,Gastos!$M$7:$M$206) -> 0 | E18: =SUMIF(Gastos!$B$7:$B$206,A18,Gastos!$N$7:$N$206) -> 0 | F18: Ayuda privada | I18: =SUMIF('Otros ingresos'!$B$7:$B$106,F18,'Otros ingresos'!$L$7:$L$106) -> 0 | J18: =SUMIF('Otros ingresos'!$B$7:$B$106,F18,'Otros ingresos'!$M$7:$M$106) -> 0
A19: Material deportivo | D19: =SUMIF(Gastos!$B$7:$B$206,A19,Gastos!$M$7:$M$206) -> 0 | E19: =SUMIF(Gastos!$B$7:$B$206,A19,Gastos!$N$7:$N$206) -> 0 | F19: Patrocinio | I19: =SUMIF('Otros ingresos'!$B$7:$B$106,F19,'Otros ingresos'!$L$7:$L$106) -> 0 | J19: =SUMIF('Otros ingresos'!$B$7:$B$106,F19,'Otros ingresos'!$M$7:$M$106) -> 0
A20: Trofeos, medallas y placas | D20: =SUMIF(Gastos!$B$7:$B$206,A20,Gastos!$M$7:$M$206) -> 0 | E20: =SUMIF(Gastos!$B$7:$B$206,A20,Gastos!$N$7:$N$206) -> 0 | F20: Cuotas / inscripciones | I20: =SUMIF('Otros ingresos'!$B$7:$B$106,F20,'Otros ingresos'!$L$7:$L$106) -> 0 | J20: =SUMIF('Otros ingresos'!$B$7:$B$106,F20,'Otros ingresos'!$M$7:$M$106) -> 0
A21: Personal de organización o ejecución | D21: =SUMIF(Gastos!$B$7:$B$206,A21,Gastos!$M$7:$M$206) -> 0 | E21: =SUMIF(Gastos!$B$7:$B$206,A21,Gastos!$N$7:$N$206) -> 0 | F21: Ingresos de la actividad | I21: =SUMIF('Otros ingresos'!$B$7:$B$106,F21,'Otros ingresos'!$L$7:$L$106) -> 0 | J21: =SUMIF('Otros ingresos'!$B$7:$B$106,F21,'Otros ingresos'!$M$7:$M$106) -> 0
A22: Canon o derechos federativos | D22: =SUMIF(Gastos!$B$7:$B$206,A22,Gastos!$M$7:$M$206) -> 0 | E22: =SUMIF(Gastos!$B$7:$B$206,A22,Gastos!$N$7:$N$206) -> 0 | F22: Recursos propios | I22: =SUMIF('Otros ingresos'!$B$7:$B$106,F22,'Otros ingresos'!$L$7:$L$106) -> 0 | J22: =SUMIF('Otros ingresos'!$B$7:$B$106,F22,'Otros ingresos'!$M$7:$M$106) -> 0
A23: Avituallamiento deportivo | D23: =SUMIF(Gastos!$B$7:$B$206,A23,Gastos!$M$7:$M$206) -> 0 | E23: =SUMIF(Gastos!$B$7:$B$206,A23,Gastos!$N$7:$N$206) -> 0 | F23: Otro ingreso | I23: =SUMIF('Otros ingresos'!$B$7:$B$106,F23,'Otros ingresos'!$L$7:$L$106) -> 0 | J23: =SUMIF('Otros ingresos'!$B$7:$B$106,F23,'Otros ingresos'!$M$7:$M$106) -> 0
A24: Otros gastos necesarios | D24: =SUMIF(Gastos!$B$7:$B$206,A24,Gastos!$M$7:$M$206) -> 0 | E24: =SUMIF(Gastos!$B$7:$B$206,A24,Gastos!$N$7:$N$206) -> 0 | F24: TOTAL OTRA FINANCIACIÓN | I24: =SUM(I17:I23) -> 0 | J24: =SUM(J17:J23) -> 0
A25: TOTAL GASTOS | D25: =SUM(D17:D24) -> 0 | E25: =SUM(E17:E24) -> 0 | F25: SUBVENCIÓN MUNICIPAL | I25: ='Inicio y resumen'!H10 -> 0 | J25: ='Inicio y resumen'!H10 -> 0
A26: 5. CONTROLES PARA LA PRESENTACIÓN | B26: 5. CONTROLES PARA LA PRESENTACIÓN | C26: 5. CONTROLES PARA LA PRESENTACIÓN | D26: 5. CONTROLES PARA LA PRESENTACIÓN | E26: 5. CONTROLES PARA LA PRESENTACIÓN | F26: 5. CONTROLES PARA LA PRESENTACIÓN | G26: 5. CONTROLES PARA LA PRESENTACIÓN | H26: 5. CONTROLES PARA LA PRESENTACIÓN | I26: 5. CONTROLES PARA LA PRESENTACIÓN | J26: 5. CONTROLES PARA LA PRESENTACIÓN
A27: Variación | B27: ='Inicio y resumen'!B27 -> PENDIENTE: indique presupuesto y gastos
A28: Financiación | B28: ='Inicio y resumen'!B28&" · "&'Inicio y resumen'!B29 -> OK: sin exceso de financiación · OK: imputación dentro de la subvención concedida
A29: Revisión final | B29: =IF(OR(ROUND(D25-E10,2)<>0,ROUND(E25-E11,2)<>0,ROUND(I24-J10,2)<>0,ROUND(J24-'Inicio y resumen'!G17,2)<>0),"REVISAR: hay importes sin clasificar; los totales no coinciden",IF(COUNTIF('Otros ingresos'!$N$7:$N$106,"FALTAN DATOS")>0,"REVISAR: faltan datos en otros ingresos",IF(COUNTIF(Gastos!$S$7:$V$206,"REVISAR")+COUNTIF(Gastos!$U$7:$U$206,"FALTAN DATOS")+COUNTIF(Gastos!$V$7:$V$206,"DUPLICADO")+COUNTIF(Documentación!$C$7:$C$14,"Pendiente")>0,"REVISAR: existen incidencias o documentos pendientes","OK: relación y documentación validadas"))) -> REVISAR: existen incidencias o documentos pendientes
A30: Firma representante: ______________________________ | F30: Fecha: ____ / ____ / 2026

Sheet Inicio y resumen
A1: MEMORIA ECONÓMICA JUSTIFICATIVA · SUBVENCIONES DEPORTIVAS 2026 | B1: MEMORIA ECONÓMICA JUSTIFICATIVA · SUBVENCIONES DEPORTIVAS 2026 | C1: MEMORIA ECONÓMICA JUSTIFICATIVA · SUBVENCIONES DEPORTIVAS 2026 | D1: MEMORIA ECONÓMICA JUSTIFICATIVA · SUBVENCIONES DEPORTIVAS 2026 | E1: MEMORIA ECONÓMICA JUSTIFICATIVA · SUBVENCIONES DEPORTIVAS 2026 | F1: MEMORIA ECONÓMICA JUSTIFICATIVA · SUBVENCIONES DEPORTIVAS 2026 | G1: MEMORIA ECONÓMICA JUSTIFICATIVA · SUBVENCIONES DEPORTIVAS 2026 | H1: MEMORIA ECONÓMICA JUSTIFICATIVA · SUBVENCIONES DEPORTIVAS 2026 | I1: MEMORIA ECONÓMICA JUSTIFICATIVA · SUBVENCIONES DEPORTIVAS 2026 | J1: MEMORIA ECONÓMICA JUSTIFICATIVA · SUBVENCIONES DEPORTIVAS 2026
A2: Plantilla para la cuenta justificativa simplificada (art. 14.3.b). Cumplimente las celdas amarillas; los importes azules se calculan automáticamente. Revise todos los avisos antes de presentar el archivo. | B2: Plantilla para la cuenta justificativa simplificada (art. 14.3.b). Cumplimente las celdas amarillas; los importes azules se calculan automáticamente. Revise todos los avisos antes de presentar el archivo. | C2: Plantilla para la cuenta justificativa simplificada (art. 14.3.b). Cumplimente las celdas amarillas; los importes azules se calculan automáticamente. Revise todos los avisos antes de presentar el archivo. | D2: Plantilla para la cuenta justificativa simplificada (art. 14.3.b). Cumplimente las celdas amarillas; los importes azules se calculan automáticamente. Revise todos los avisos antes de presentar el archivo. | E2: Plantilla para la cuenta justificativa simplificada (art. 14.3.b). Cumplimente las celdas amarillas; los importes azules se calculan automáticamente. Revise todos los avisos antes de presentar el archivo. | F2: Plantilla para la cuenta justificativa simplificada (art. 14.3.b). Cumplimente las celdas amarillas; los importes azules se calculan automáticamente. Revise todos los avisos antes de presentar el archivo. | G2: Plantilla para la cuenta justificativa simplificada (art. 14.3.b). Cumplimente las celdas amarillas; los importes azules se calculan automáticamente. Revise todos los avisos antes de presentar el archivo. | H2: Plantilla para la cuenta justificativa simplificada (art. 14.3.b). Cumplimente las celdas amarillas; los importes azules se calculan automáticamente. Revise todos los avisos antes de presentar el archivo. | I2: Plantilla para la cuenta justificativa simplificada (art. 14.3.b). Cumplimente las celdas amarillas; los importes azules se calculan automáticamente. Revise todos los avisos antes de presentar el archivo. | J2: Plantilla para la cuenta justificativa simplificada (art. 14.3.b). Cumplimente las celdas amarillas; los importes azules se calculan automáticamente. Revise todos los avisos antes de presentar el archivo.
A3: Plantilla para la cuenta justificativa simplificada (art. 14.3.b). Cumplimente las celdas amarillas; los importes azules se calculan automáticamente. Revise todos los avisos antes de presentar el archivo. | B3: Plantilla para la cuenta justificativa simplificada (art. 14.3.b). Cumplimente las celdas amarillas; los importes azules se calculan automáticamente. Revise todos los avisos antes de presentar el archivo. | C3: Plantilla para la cuenta justificativa simplificada (art. 14.3.b). Cumplimente las celdas amarillas; los importes azules se calculan automáticamente. Revise todos los avisos antes de presentar el archivo. | D3: Plantilla para la cuenta justificativa simplificada (art. 14.3.b). Cumplimente las celdas amarillas; los importes azules se calculan automáticamente. Revise todos los avisos antes de presentar el archivo. | E3: Plantilla para la cuenta justificativa simplificada (art. 14.3.b). Cumplimente las celdas amarillas; los importes azules se calculan automáticamente. Revise todos los avisos antes de presentar el archivo. | F3: Plantilla para la cuenta justificativa simplificada (art. 14.3.b). Cumplimente las celdas amarillas; los importes azules se calculan automáticamente. Revise todos los avisos antes de presentar el archivo. | G3: Plantilla para la cuenta justificativa simplificada (art. 14.3.b). Cumplimente las celdas amarillas; los importes azules se calculan automáticamente. Revise todos los avisos antes de presentar el archivo. | H3: Plantilla para la cuenta justificativa simplificada (art. 14.3.b). Cumplimente las celdas amarillas; los importes azules se calculan automáticamente. Revise todos los avisos antes de presentar el archivo. | I3: Plantilla para la cuenta justificativa simplificada (art. 14.3.b). Cumplimente las celdas amarillas; los importes azules se calculan automáticamente. Revise todos los avisos antes de presentar el archivo. | J3: Plantilla para la cuenta justificativa simplificada (art. 14.3.b). Cumplimente las celdas amarillas; los importes azules se calculan automáticamente. Revise todos los avisos antes de presentar el archivo.
A5: 1. IDENTIFICACIÓN DE LA ENTIDAD Y LA SUBVENCIÓN | B5: 1. IDENTIFICACIÓN DE LA ENTIDAD Y LA SUBVENCIÓN | C5: 1. IDENTIFICACIÓN DE LA ENTIDAD Y LA SUBVENCIÓN | D5: 1. IDENTIFICACIÓN DE LA ENTIDAD Y LA SUBVENCIÓN | E5: 1. IDENTIFICACIÓN DE LA ENTIDAD Y LA SUBVENCIÓN | F5: 1. IDENTIFICACIÓN DE LA ENTIDAD Y LA SUBVENCIÓN | G5: 1. IDENTIFICACIÓN DE LA ENTIDAD Y LA SUBVENCIÓN | H5: 1. IDENTIFICACIÓN DE LA ENTIDAD Y LA SUBVENCIÓN | I5: 1. IDENTIFICACIÓN DE LA ENTIDAD Y LA SUBVENCIÓN | J5: 1. IDENTIFICACIÓN DE LA ENTIDAD Y LA SUBVENCIÓN
A6: Entidad beneficiaria * | F6: NIF *
A7: Evento / actividad *
A8: N.º expediente | F8: Representante *
A9: Correo electrónico | F9: Teléfono
A10: Fecha resolución | D10: Presupuesto inicial * | G10: Subvención concedida *
A11: ¿Subvención abonada? | D11: Importe municipal percibido
A13: 2. PARÁMETROS DE LAS BASES (NO EDITAR) | B13: 2. PARÁMETROS DE LAS BASES (NO EDITAR) | C13: 2. PARÁMETROS DE LAS BASES (NO EDITAR) | D13: 2. PARÁMETROS DE LAS BASES (NO EDITAR) | E13: 2. PARÁMETROS DE LAS BASES (NO EDITAR) | F13: 3. RESUMEN ECONÓMICO AUTOMÁTICO | G13: 3. RESUMEN ECONÓMICO AUTOMÁTICO | H13: 3. RESUMEN ECONÓMICO AUTOMÁTICO | I13: 3. RESUMEN ECONÓMICO AUTOMÁTICO | J13: 3. RESUMEN ECONÓMICO AUTOMÁTICO
A14: Umbral de reducción | B14: 0.2 | C14: Según art. 14.3.b | F14: Coste real de la actividad | G14: =SUM(Gastos!$M$7:$M$206) -> 0
A15: Inicio período subvencionable | B15: 45962 | C15: Según art. 15.3 | F15: Gastos imputados a subvención municipal | G15: =SUM(Gastos!$N$7:$N$206) -> 0
A16: Fin período subvencionable | B16: 46326 | C16: Según art. 15.3 | F16: Otra financiación | G16: =SUM('Otros ingresos'!$L$7:$L$106) -> 0
A17: Fecha límite de justificación | B17: 46336 | C17: Según art. 14.2 | F17: Otras ayudas / subvenciones | G17: =SUM('Otros ingresos'!$M$7:$M$106) -> 0
F18: Financiación total considerada | G18: =H10+G16 -> 0
F19: Ayudas / subvenciones totales | G19: =H10+G17 -> 0
F20: % financiación inicial municipal | G20: =IFERROR(H10/E10,0) -> 0
F21: Reducción del coste final | G21: =IFERROR(MAX(0,1-G14/E10),0) -> 0
F22: Subvención recalculada (estimación) | G22: =IF(OR(E10<=0,H10<=0),0,IF(G21>=$B$14,MIN(H10,G14*G20),H10)) -> 0
F23: Remanente potencial a reintegrar | G23: =MAX(0,E11-G22) -> 0
F24: Exceso de financiación | G24: =MAX(0,G18-G14) -> 0
A26: 4. CONTROLES ANTES DE PRESENTAR | B26: 4. CONTROLES ANTES DE PRESENTAR | C26: 4. CONTROLES ANTES DE PRESENTAR | D26: 4. CONTROLES ANTES DE PRESENTAR | E26: 4. CONTROLES ANTES DE PRESENTAR | F26: 4. CONTROLES ANTES DE PRESENTAR | G26: 4. CONTROLES ANTES DE PRESENTAR | H26: 4. CONTROLES ANTES DE PRESENTAR | I26: 4. CONTROLES ANTES DE PRESENTAR | J26: 4. CONTROLES ANTES DE PRESENTAR
A27: Variación del coste | B27: =IF(OR(E10="",G14=0),"PENDIENTE: indique presupuesto y gastos",IF(G21>=$B$14,"REVISAR: reducción del coste igual o superior al 20%; procede estimación proporcional","OK: no se activa la reducción del art. 14.3.b")) -> PENDIENTE: indique presupuesto y gastos
A28: Financiación | B28: =IF(G24>0,"REVISAR: la financiación supera el coste real en "&TEXT(G24,"#,##0.00 €"),"OK: sin exceso de financiación") -> OK: sin exceso de financiación
A29: Imputación municipal | B29: =IF(G15>H10,"REVISAR: lo imputado a la subvención supera la cuantía concedida","OK: imputación dentro de la subvención concedida") -> OK: imputación dentro de la subvención concedida
A30: Fechas de gasto | B30: =IF(COUNTIF(Gastos!$S$7:$S$206,"REVISAR")>0,"REVISAR: hay "&COUNTIF(Gastos!$S$7:$S$206,"REVISAR")&" gasto(s) fuera de período o con fechas pendientes","OK: fechas informadas dentro del período") -> OK: fechas informadas dentro del período
A31: Importes de gasto | B31: =IF(COUNTIF(Gastos!$T$7:$T$206,"REVISAR")>0,"REVISAR: hay "&COUNTIF(Gastos!$T$7:$T$206,"REVISAR")&" gasto(s) con importes incoherentes","OK: importes coherentes") -> OK: importes coherentes
A32: Campos obligatorios | B32: =IF(COUNTIF(Gastos!$U$7:$U$206,"FALTAN DATOS")>0,"REVISAR: faltan datos en "&COUNTIF(Gastos!$U$7:$U$206,"FALTAN DATOS")&" gasto(s)","OK: campos mínimos completos") -> OK: campos mínimos completos
A33: Facturas duplicadas | B33: =IF(COUNTIF(Gastos!$V$7:$V$206,"DUPLICADO")>0,"REVISAR: posibles facturas duplicadas","OK: sin duplicados por acreedor y número") -> OK: sin duplicados por acreedor y número
A34: Documentación | B34: =IF(COUNTIF(Documentación!$C$7:$C$14,"Pendiente")>0,"REVISAR: hay documentos marcados como pendientes","OK: checklist sin pendientes") -> REVISAR: hay documentos marcados como pendientes
A36: Aviso: los cálculos de reducción, exceso y remanente son orientativos para facilitar la revisión. La cuantía definitiva corresponde al órgano concedente. No incluya la subvención municipal en la hoja «Otros ingresos», pues ya se recoge en esta portada. | B36: Aviso: los cálculos de reducción, exceso y remanente son orientativos para facilitar la revisión. La cuantía definitiva corresponde al órgano concedente. No incluya la subvención municipal en la hoja «Otros ingresos», pues ya se recoge en esta portada. | C36: Aviso: los cálculos de reducción, exceso y remanente son orientativos para facilitar la revisión. La cuantía definitiva corresponde al órgano concedente. No incluya la subvención municipal en la hoja «Otros ingresos», pues ya se recoge en esta portada. | D36: Aviso: los cálculos de reducción, exceso y remanente son orientativos para facilitar la revisión. La cuantía definitiva corresponde al órgano concedente. No incluya la subvención municipal en la hoja «Otros ingresos», pues ya se recoge en esta portada. | E36: Aviso: los cálculos de reducción, exceso y remanente son orientativos para facilitar la revisión. La cuantía definitiva corresponde al órgano concedente. No incluya la subvención municipal en la hoja «Otros ingresos», pues ya se recoge en esta portada. | F36: Aviso: los cálculos de reducción, exceso y remanente son orientativos para facilitar la revisión. La cuantía definitiva corresponde al órgano concedente. No incluya la subvención municipal en la hoja «Otros ingresos», pues ya se recoge en esta portada. | G36: Aviso: los cálculos de reducción, exceso y remanente son orientativos para facilitar la revisión. La cuantía definitiva corresponde al órgano concedente. No incluya la subvención municipal en la hoja «Otros ingresos», pues ya se recoge en esta portada. | H36: Aviso: los cálculos de reducción, exceso y remanente son orientativos para facilitar la revisión. La cuantía definitiva corresponde al órgano concedente. No incluya la subvención municipal en la hoja «Otros ingresos», pues ya se recoge en esta portada. | I36: Aviso: los cálculos de reducción, exceso y remanente son orientativos para facilitar la revisión. La cuantía definitiva corresponde al órgano concedente. No incluya la subvención municipal en la hoja «Otros ingresos», pues ya se recoge en esta portada. | J36: Aviso: los cálculos de reducción, exceso y remanente son orientativos para facilitar la revisión. La cuantía definitiva corresponde al órgano concedente. No incluya la subvención municipal en la hoja «Otros ingresos», pues ya se recoge en esta portada.
A37: Aviso: los cálculos de reducción, exceso y remanente son orientativos para facilitar la revisión. La cuantía definitiva corresponde al órgano concedente. No incluya la subvención municipal en la hoja «Otros ingresos», pues ya se recoge en esta portada. | B37: Aviso: los cálculos de reducción, exceso y remanente son orientativos para facilitar la revisión. La cuantía definitiva corresponde al órgano concedente. No incluya la subvención municipal en la hoja «Otros ingresos», pues ya se recoge en esta portada. | C37: Aviso: los cálculos de reducción, exceso y remanente son orientativos para facilitar la revisión. La cuantía definitiva corresponde al órgano concedente. No incluya la subvención municipal en la hoja «Otros ingresos», pues ya se recoge en esta portada. | D37: Aviso: los cálculos de reducción, exceso y remanente son orientativos para facilitar la revisión. La cuantía definitiva corresponde al órgano concedente. No incluya la subvención municipal en la hoja «Otros ingresos», pues ya se recoge en esta portada. | E37: Aviso: los cálculos de reducción, exceso y remanente son orientativos para facilitar la revisión. La cuantía definitiva corresponde al órgano concedente. No incluya la subvención municipal en la hoja «Otros ingresos», pues ya se recoge en esta portada. | F37: Aviso: los cálculos de reducción, exceso y remanente son orientativos para facilitar la revisión. La cuantía definitiva corresponde al órgano concedente. No incluya la subvención municipal en la hoja «Otros ingresos», pues ya se recoge en esta portada. | G37: Aviso: los cálculos de reducción, exceso y remanente son orientativos para facilitar la revisión. La cuantía definitiva corresponde al órgano concedente. No incluya la subvención municipal en la hoja «Otros ingresos», pues ya se recoge en esta portada. | H37: Aviso: los cálculos de reducción, exceso y remanente son orientativos para facilitar la revisión. La cuantía definitiva corresponde al órgano concedente. No incluya la subvención municipal en la hoja «Otros ingresos», pues ya se recoge en esta portada. | I37: Aviso: los cálculos de reducción, exceso y remanente son orientativos para facilitar la revisión. La cuantía definitiva corresponde al órgano concedente. No incluya la subvención municipal en la hoja «Otros ingresos», pues ya se recoge en esta portada. | J37: Aviso: los cálculos de reducción, exceso y remanente son orientativos para facilitar la revisión. La cuantía definitiva corresponde al órgano concedente. No incluya la subvención municipal en la hoja «Otros ingresos», pues ya se recoge en esta portada.
A38: Aviso: los cálculos de reducción, exceso y remanente son orientativos para facilitar la revisión. La cuantía definitiva corresponde al órgano concedente. No incluya la subvención municipal en la hoja «Otros ingresos», pues ya se recoge en esta portada. | B38: Aviso: los cálculos de reducción, exceso y remanente son orientativos para facilitar la revisión. La cuantía definitiva corresponde al órgano concedente. No incluya la subvención municipal en la hoja «Otros ingresos», pues ya se recoge en esta portada. | C38: Aviso: los cálculos de reducción, exceso y remanente son orientativos para facilitar la revisión. La cuantía definitiva corresponde al órgano concedente. No incluya la subvención municipal en la hoja «Otros ingresos», pues ya se recoge en esta portada. | D38: Aviso: los cálculos de reducción, exceso y remanente son orientativos para facilitar la revisión. La cuantía definitiva corresponde al órgano concedente. No incluya la subvención municipal en la hoja «Otros ingresos», pues ya se recoge en esta portada. | E38: Aviso: los cálculos de reducción, exceso y remanente son orientativos para facilitar la revisión. La cuantía definitiva corresponde al órgano concedente. No incluya la subvención municipal en la hoja «Otros ingresos», pues ya se recoge en esta portada. | F38: Aviso: los cálculos de reducción, exceso y remanente son orientativos para facilitar la revisión. La cuantía definitiva corresponde al órgano concedente. No incluya la subvención municipal en la hoja «Otros ingresos», pues ya se recoge en esta portada. | G38: Aviso: los cálculos de reducción, exceso y remanente son orientativos para facilitar la revisión. La cuantía definitiva corresponde al órgano concedente. No incluya la subvención municipal en la hoja «Otros ingresos», pues ya se recoge en esta portada. | H38: Aviso: los cálculos de reducción, exceso y remanente son orientativos para facilitar la revisión. La cuantía definitiva corresponde al órgano concedente. No incluya la subvención municipal en la hoja «Otros ingresos», pues ya se recoge en esta portada. | I38: Aviso: los cálculos de reducción, exceso y remanente son orientativos para facilitar la revisión. La cuantía definitiva corresponde al órgano concedente. No incluya la subvención municipal en la hoja «Otros ingresos», pues ya se recoge en esta portada. | J38: Aviso: los cálculos de reducción, exceso y remanente son orientativos para facilitar la revisión. La cuantía definitiva corresponde al órgano concedente. No incluya la subvención municipal en la hoja «Otros ingresos», pues ya se recoge en esta portada.

Sheet Gastos
A1: RELACIÓN CLASIFICADA DE GASTOS | B1: RELACIÓN CLASIFICADA DE GASTOS | C1: RELACIÓN CLASIFICADA DE GASTOS | D1: RELACIÓN CLASIFICADA DE GASTOS | E1: RELACIÓN CLASIFICADA DE GASTOS | F1: RELACIÓN CLASIFICADA DE GASTOS | G1: RELACIÓN CLASIFICADA DE GASTOS | H1: RELACIÓN CLASIFICADA DE GASTOS | I1: RELACIÓN CLASIFICADA DE GASTOS | J1: RELACIÓN CLASIFICADA DE GASTOS | K1: RELACIÓN CLASIFICADA DE GASTOS | L1: RELACIÓN CLASIFICADA DE GASTOS | M1: RELACIÓN CLASIFICADA DE GASTOS | N1: RELACIÓN CLASIFICADA DE GASTOS | O1: RELACIÓN CLASIFICADA DE GASTOS | P1: RELACIÓN CLASIFICADA DE GASTOS | Q1: RELACIÓN CLASIFICADA DE GASTOS | R1: RELACIÓN CLASIFICADA DE GASTOS | S1: RELACIÓN CLASIFICADA DE GASTOS | T1: RELACIÓN CLASIFICADA DE GASTOS | U1: RELACIÓN CLASIFICADA DE GASTOS | V1: RELACIÓN CLASIFICADA DE GASTOS | W1: RELACIÓN CLASIFICADA DE GASTOS | X1: RELACIÓN CLASIFICADA DE GASTOS
A2: Incluya todos los gastos de la actividad. Los campos mínimos exigidos por el art. 14.3.b están marcados con *. Si una factura solo corresponde parcialmente a la actividad, indique el importe atribuible en «Importe actividad». Identifique aparte el importe imputado a la subvención municipal. | B2: Incluya todos los gastos de la actividad. Los campos mínimos exigidos por el art. 14.3.b están marcados con *. Si una factura solo corresponde parcialmente a la actividad, indique el importe atribuible en «Importe actividad». Identifique aparte el importe imputado a la subvención municipal. | C2: Incluya todos los gastos de la actividad. Los campos mínimos exigidos por el art. 14.3.b están marcados con *. Si una factura solo corresponde parcialmente a la actividad, indique el importe atribuible en «Importe actividad». Identifique aparte el importe imputado a la subvención municipal. | D2: Incluya todos los gastos de la actividad. Los campos mínimos exigidos por el art. 14.3.b están marcados con *. Si una factura solo corresponde parcialmente a la actividad, indique el importe atribuible en «Importe actividad». Identifique aparte el importe imputado a la subvención municipal. | E2: Incluya todos los gastos de la actividad. Los campos mínimos exigidos por el art. 14.3.b están marcados con *. Si una factura solo corresponde parcialmente a la actividad, indique el importe atribuible en «Importe actividad». Identifique aparte el importe imputado a la subvención municipal. | F2: Incluya todos los gastos de la actividad. Los campos mínimos exigidos por el art. 14.3.b están marcados con *. Si una factura solo corresponde parcialmente a la actividad, indique el importe atribuible en «Importe actividad». Identifique aparte el importe imputado a la subvención municipal. | G2: Incluya todos los gastos de la actividad. Los campos mínimos exigidos por el art. 14.3.b están marcados con *. Si una factura solo corresponde parcialmente a la actividad, indique el importe atribuible en «Importe actividad». Identifique aparte el importe imputado a la subvención municipal. | H2: Incluya todos los gastos de la actividad. Los campos mínimos exigidos por el art. 14.3.b están marcados con *. Si una factura solo corresponde parcialmente a la actividad, indique el importe atribuible en «Importe actividad». Identifique aparte el importe imputado a la subvención municipal. | I2: Incluya todos los gastos de la actividad. Los campos mínimos exigidos por el art. 14.3.b están marcados con *. Si una factura solo corresponde parcialmente a la actividad, indique el importe atribuible en «Importe actividad». Identifique aparte el importe imputado a la subvención municipal. | J2: Incluya todos los gastos de la actividad. Los campos mínimos exigidos por el art. 14.3.b están marcados con *. Si una factura solo corresponde parcialmente a la actividad, indique el importe atribuible en «Importe actividad». Identifique aparte el importe imputado a la subvención municipal. | K2: Incluya todos los gastos de la actividad. Los campos mínimos exigidos por el art. 14.3.b están marcados con *. Si una factura solo corresponde parcialmente a la actividad, indique el importe atribuible en «Importe actividad». Identifique aparte el importe imputado a la subvención municipal. | L2: Incluya todos los gastos de la actividad. Los campos mínimos exigidos por el art. 14.3.b están marcados con *. Si una factura solo corresponde parcialmente a la actividad, indique el importe atribuible en «Importe actividad». Identifique aparte el importe imputado a la subvención municipal. | M2: Incluya todos los gastos de la actividad. Los campos mínimos exigidos por el art. 14.3.b están marcados con *. Si una factura solo corresponde parcialmente a la actividad, indique el importe atribuible en «Importe actividad». Identifique aparte el importe imputado a la subvención municipal. | N2: Incluya todos los gastos de la actividad. Los campos mínimos exigidos por el art. 14.3.b están marcados con *. Si una factura solo corresponde parcialmente a la actividad, indique el importe atribuible en «Importe actividad». Identifique aparte el importe imputado a la subvención municipal. | O2: Incluya todos los gastos de la actividad. Los campos mínimos exigidos por el art. 14.3.b están marcados con *. Si una factura solo corresponde parcialmente a la actividad, indique el importe atribuible en «Importe actividad». Identifique aparte el importe imputado a la subvención municipal. | P2: Incluya todos los gastos de la actividad. Los campos mínimos exigidos por el art. 14.3.b están marcados con *. Si una factura solo corresponde parcialmente a la actividad, indique el importe atribuible en «Importe actividad». Identifique aparte el importe imputado a la subvención municipal. | Q2: Incluya todos los gastos de la actividad. Los campos mínimos exigidos por el art. 14.3.b están marcados con *. Si una factura solo corresponde parcialmente a la actividad, indique el importe atribuible en «Importe actividad». Identifique aparte el importe imputado a la subvención municipal. | R2: Incluya todos los gastos de la actividad. Los campos mínimos exigidos por el art. 14.3.b están marcados con *. Si una factura solo corresponde parcialmente a la actividad, indique el importe atribuible en «Importe actividad». Identifique aparte el importe imputado a la subvención municipal. | S2: Incluya todos los gastos de la actividad. Los campos mínimos exigidos por el art. 14.3.b están marcados con *. Si una factura solo corresponde parcialmente a la actividad, indique el importe atribuible en «Importe actividad». Identifique aparte el importe imputado a la subvención municipal. | T2: Incluya todos los gastos de la actividad. Los campos mínimos exigidos por el art. 14.3.b están marcados con *. Si una factura solo corresponde parcialmente a la actividad, indique el importe atribuible en «Importe actividad». Identifique aparte el importe imputado a la subvención municipal. | U2: Incluya todos los gastos de la actividad. Los campos mínimos exigidos por el art. 14.3.b están marcados con *. Si una factura solo corresponde parcialmente a la actividad, indique el importe atribuible en «Importe actividad». Identifique aparte el importe imputado a la subvención municipal. | V2: Incluya todos los gastos de la actividad. Los campos mínimos exigidos por el art. 14.3.b están marcados con *. Si una factura solo corresponde parcialmente a la actividad, indique el importe atribuible en «Importe actividad». Identifique aparte el importe imputado a la subvención municipal. | W2: Incluya todos los gastos de la actividad. Los campos mínimos exigidos por el art. 14.3.b están marcados con *. Si una factura solo corresponde parcialmente a la actividad, indique el importe atribuible en «Importe actividad». Identifique aparte el importe imputado a la subvención municipal. | X2: Incluya todos los gastos de la actividad. Los campos mínimos exigidos por el art. 14.3.b están marcados con *. Si una factura solo corresponde parcialmente a la actividad, indique el importe atribuible en «Importe actividad». Identifique aparte el importe imputado a la subvención municipal.
A3: Incluya todos los gastos de la actividad. Los campos mínimos exigidos por el art. 14.3.b están marcados con *. Si una factura solo corresponde parcialmente a la actividad, indique el importe atribuible en «Importe actividad». Identifique aparte el importe imputado a la subvención municipal. | B3: Incluya todos los gastos de la actividad. Los campos mínimos exigidos por el art. 14.3.b están marcados con *. Si una factura solo corresponde parcialmente a la actividad, indique el importe atribuible en «Importe actividad». Identifique aparte el importe imputado a la subvención municipal. | C3: Incluya todos los gastos de la actividad. Los campos mínimos exigidos por el art. 14.3.b están marcados con *. Si una factura solo corresponde parcialmente a la actividad, indique el importe atribuible en «Importe actividad». Identifique aparte el importe imputado a la subvención municipal. | D3: Incluya todos los gastos de la actividad. Los campos mínimos exigidos por el art. 14.3.b están marcados con *. Si una factura solo corresponde parcialmente a la actividad, indique el importe atribuible en «Importe actividad». Identifique aparte el importe imputado a la subvención municipal. | E3: Incluya todos los gastos de la actividad. Los campos mínimos exigidos por el art. 14.3.b están marcados con *. Si una factura solo corresponde parcialmente a la actividad, indique el importe atribuible en «Importe actividad». Identifique aparte el importe imputado a la subvención municipal. | F3: Incluya todos los gastos de la actividad. Los campos mínimos exigidos por el art. 14.3.b están marcados con *. Si una factura solo corresponde parcialmente a la actividad, indique el importe atribuible en «Importe actividad». Identifique aparte el importe imputado a la subvención municipal. | G3: Incluya todos los gastos de la actividad. Los campos mínimos exigidos por el art. 14.3.b están marcados con *. Si una factura solo corresponde parcialmente a la actividad, indique el importe atribuible en «Importe actividad». Identifique aparte el importe imputado a la subvención municipal. | H3: Incluya todos los gastos de la actividad. Los campos mínimos exigidos por el art. 14.3.b están marcados con *. Si una factura solo corresponde parcialmente a la actividad, indique el importe atribuible en «Importe actividad». Identifique aparte el importe imputado a la subvención municipal. | I3: Incluya todos los gastos de la actividad. Los campos mínimos exigidos por el art. 14.3.b están marcados con *. Si una factura solo corresponde parcialmente a la actividad, indique el importe atribuible en «Importe actividad». Identifique aparte el importe imputado a la subvención municipal. | J3: Incluya todos los gastos de la actividad. Los campos mínimos exigidos por el art. 14.3.b están marcados con *. Si una factura solo corresponde parcialmente a la actividad, indique el importe atribuible en «Importe actividad». Identifique aparte el importe imputado a la subvención municipal. | K3: Incluya todos los gastos de la actividad. Los campos mínimos exigidos por el art. 14.3.b están marcados con *. Si una factura solo corresponde parcialmente a la actividad, indique el importe atribuible en «Importe actividad». Identifique aparte el importe imputado a la subvención municipal. | L3: Incluya todos los gastos de la actividad. Los campos mínimos exigidos por el art. 14.3.b están marcados con *. Si una factura solo corresponde parcialmente a la actividad, indique el importe atribuible en «Importe actividad». Identifique aparte el importe imputado a la subvención municipal. | M3: Incluya todos los gastos de la actividad. Los campos mínimos exigidos por el art. 14.3.b están marcados con *. Si una factura solo corresponde parcialmente a la actividad, indique el importe atribuible en «Importe actividad». Identifique aparte el importe imputado a la subvención municipal. | N3: Incluya todos los gastos de la actividad. Los campos mínimos exigidos por el art. 14.3.b están marcados con *. Si una factura solo corresponde parcialmente a la actividad, indique el importe atribuible en «Importe actividad». Identifique aparte el importe imputado a la subvención municipal. | O3: Incluya todos los gastos de la actividad. Los campos mínimos exigidos por el art. 14.3.b están marcados con *. Si una factura solo corresponde parcialmente a la actividad, indique el importe atribuible en «Importe actividad». Identifique aparte el importe imputado a la subvención municipal. | P3: Incluya todos los gastos de la actividad. Los campos mínimos exigidos por el art. 14.3.b están marcados con *. Si una factura solo corresponde parcialmente a la actividad, indique el importe atribuible en «Importe actividad». Identifique aparte el importe imputado a la subvención municipal. | Q3: Incluya todos los gastos de la actividad. Los campos mínimos exigidos por el art. 14.3.b están marcados con *. Si una factura solo corresponde parcialmente a la actividad, indique el importe atribuible en «Importe actividad». Identifique aparte el importe imputado a la subvención municipal. | R3: Incluya todos los gastos de la actividad. Los campos mínimos exigidos por el art. 14.3.b están marcados con *. Si una factura solo corresponde parcialmente a la actividad, indique el importe atribuible en «Importe actividad». Identifique aparte el importe imputado a la subvención municipal. | S3: Incluya todos los gastos de la actividad. Los campos mínimos exigidos por el art. 14.3.b están marcados con *. Si una factura solo corresponde parcialmente a la actividad, indique el importe atribuible en «Importe actividad». Identifique aparte el importe imputado a la subvención municipal. | T3: Incluya todos los gastos de la actividad. Los campos mínimos exigidos por el art. 14.3.b están marcados con *. Si una factura solo corresponde parcialmente a la actividad, indique el importe atribuible en «Importe actividad». Identifique aparte el importe imputado a la subvención municipal. | U3: Incluya todos los gastos de la actividad. Los campos mínimos exigidos por el art. 14.3.b están marcados con *. Si una factura solo corresponde parcialmente a la actividad, indique el importe atribuible en «Importe actividad». Identifique aparte el importe imputado a la subvención municipal. | V3: Incluya todos los gastos de la actividad. Los campos mínimos exigidos por el art. 14.3.b están marcados con *. Si una factura solo corresponde parcialmente a la actividad, indique el importe atribuible en «Importe actividad». Identifique aparte el importe imputado a la subvención municipal. | W3: Incluya todos los gastos de la actividad. Los campos mínimos exigidos por el art. 14.3.b están marcados con *. Si una factura solo corresponde parcialmente a la actividad, indique el importe atribuible en «Importe actividad». Identifique aparte el importe imputado a la subvención municipal. | X3: Incluya todos los gastos de la actividad. Los campos mínimos exigidos por el art. 14.3.b están marcados con *. Si una factura solo corresponde parcialmente a la actividad, indique el importe atribuible en «Importe actividad». Identifique aparte el importe imputado a la subvención municipal.
A4: ="Totales: coste actividad "&TEXT(SUM($M$7:$M$206),"#,##0.00 €")&" · imputado subvención municipal "&TEXT(SUM($N$7:$N$206),"#,##0.00 €") -> Totales: coste actividad ,000 € · imputado subvención municipal ,000 €
A6: N.º | B6: Clasificación * | C6: Acreedor * | D6: NIF/CIF acreedor | E6: Factura / documento * | F6: Concepto | G6: Vinculación con la actividad * | H6: Fecha emisión * | I6: Fecha pago * | J6: Base imponible | K6: IVA | L6: Importe documento * | M6: Importe actividad * | N6: Imputado a subvención municipal | O6: ¿IVA recuperable? | P6: Medio de pago | Q6: Justificante pago disponible | R6: Factura disponible | S6: Control fechas | T6: Control importes | U6: Campos mínimos | V6: Posible duplicado | W6: Observaciones | X6: Referencia archivo
A7: =IF(COUNTA(B7:R7)=0,"",ROW()-6) | S7: =IF(COUNTA(B7:R7)=0,"",IF(OR(H7="",I7=""),"REVISAR",IF(AND(H7>='Inicio y resumen'!$B$15,H7<='Inicio y resumen'!$B$16,I7>='Inicio y resumen'!$B$15,I7<='Inicio y resumen'!$B$16),"OK","REVISAR"))) | T7: =IF(COUNTA(B7:R7)=0,"",IF(AND(L7>0,M7>0,N7>=0,M7<=L7,N7<=M7),"OK","REVISAR")) | U7: =IF(COUNTA(B7:R7)=0,"",IF(AND(B7<>"",C7<>"",E7<>"",G7<>"",H7<>"",I7<>"",L7>0,M7>0),"OK","FALTAN DATOS")) | V7: =IF(OR(C7="",E7=""),"",IF(COUNTIFS($C$7:$C$206,C7,$E$7:$E$206,E7)>1,"DUPLICADO","OK"))
A8: =IF(COUNTA(B8:R8)=0,"",ROW()-6) | S8: =IF(COUNTA(B8:R8)=0,"",IF(OR(H8="",I8=""),"REVISAR",IF(AND(H8>='Inicio y resumen'!$B$15,H8<='Inicio y resumen'!$B$16,I8>='Inicio y resumen'!$B$15,I8<='Inicio y resumen'!$B$16),"OK","REVISAR"))) | T8: =IF(COUNTA(B8:R8)=0,"",IF(AND(L8>0,M8>0,N8>=0,M8<=L8,N8<=M8),"OK","REVISAR")) | U8: =IF(COUNTA(B8:R8)=0,"",IF(AND(B8<>"",C8<>"",E8<>"",G8<>"",H8<>"",I8<>"",L8>0,M8>0),"OK","FALTAN DATOS")) | V8: =IF(OR(C8="",E8=""),"",IF(COUNTIFS($C$7:$C$206,C8,$E$7:$E$206,E8)>1,"DUPLICADO","OK"))
A9: =IF(COUNTA(B9:R9)=0,"",ROW()-6) | S9: =IF(COUNTA(B9:R9)=0,"",IF(OR(H9="",I9=""),"REVISAR",IF(AND(H9>='Inicio y resumen'!$B$15,H9<='Inicio y resumen'!$B$16,I9>='Inicio y resumen'!$B$15,I9<='Inicio y resumen'!$B$16),"OK","REVISAR"))) | T9: =IF(COUNTA(B9:R9)=0,"",IF(AND(L9>0,M9>0,N9>=0,M9<=L9,N9<=M9),"OK","REVISAR")) | U9: =IF(COUNTA(B9:R9)=0,"",IF(AND(B9<>"",C9<>"",E9<>"",G9<>"",H9<>"",I9<>"",L9>0,M9>0),"OK","FALTAN DATOS")) | V9: =IF(OR(C9="",E9=""),"",IF(COUNTIFS($C$7:$C$206,C9,$E$7:$E$206,E9)>1,"DUPLICADO","OK"))
A10: =IF(COUNTA(B10:R10)=0,"",ROW()-6) | S10: =IF(COUNTA(B10:R10)=0,"",IF(OR(H10="",I10=""),"REVISAR",IF(AND(H10>='Inicio y resumen'!$B$15,H10<='Inicio y resumen'!$B$16,I10>='Inicio y resumen'!$B$15,I10<='Inicio y resumen'!$B$16),"OK","REVISAR"))) | T10: =IF(COUNTA(B10:R10)=0,"",IF(AND(L10>0,M10>0,N10>=0,M10<=L10,N10<=M10),"OK","REVISAR")) | U10: =IF(COUNTA(B10:R10)=0,"",IF(AND(B10<>"",C10<>"",E10<>"",G10<>"",H10<>"",I10<>"",L10>0,M10>0),"OK","FALTAN DATOS")) | V10: =IF(OR(C10="",E10=""),"",IF(COUNTIFS($C$7:$C$206,C10,$E$7:$E$206,E10)>1,"DUPLICADO","OK"))
A11: =IF(COUNTA(B11:R11)=0,"",ROW()-6) | S11: =IF(COUNTA(B11:R11)=0,"",IF(OR(H11="",I11=""),"REVISAR",IF(AND(H11>='Inicio y resumen'!$B$15,H11<='Inicio y resumen'!$B$16,I11>='Inicio y resumen'!$B$15,I11<='Inicio y resumen'!$B$16),"OK","REVISAR"))) | T11: =IF(COUNTA(B11:R11)=0,"",IF(AND(L11>0,M11>0,N11>=0,M11<=L11,N11<=M11),"OK","REVISAR")) | U11: =IF(COUNTA(B11:R11)=0,"",IF(AND(B11<>"",C11<>"",E11<>"",G11<>"",H11<>"",I11<>"",L11>0,M11>0),"OK","FALTAN DATOS")) | V11: =IF(OR(C11="",E11=""),"",IF(COUNTIFS($C$7:$C$206,C11,$E$7:$E$206,E11)>1,"DUPLICADO","OK"))
A12: =IF(COUNTA(B12:R12)=0,"",ROW()-6) | S12: =IF(COUNTA(B12:R12)=0,"",IF(OR(H12="",I12=""),"REVISAR",IF(AND(H12>='Inicio y resumen'!$B$15,H12<='Inicio y resumen'!$B$16,I12>='Inicio y resumen'!$B$15,I12<='Inicio y resumen'!$B$16),"OK","REVISAR"))) | T12: =IF(COUNTA(B12:R12)=0,"",IF(AND(L12>0,M12>0,N12>=0,M12<=L12,N12<=M12),"OK","REVISAR")) | U12: =IF(COUNTA(B12:R12)=0,"",IF(AND(B12<>"",C12<>"",E12<>"",G12<>"",H12<>"",I12<>"",L12>0,M12>0),"OK","FALTAN DATOS")) | V12: =IF(OR(C12="",E12=""),"",IF(COUNTIFS($C$7:$C$206,C12,$E$7:$E$206,E12)>1,"DUPLICADO","OK"))
A13: =IF(COUNTA(B13:R13)=0,"",ROW()-6) | S13: =IF(COUNTA(B13:R13)=0,"",IF(OR(H13="",I13=""),"REVISAR",IF(AND(H13>='Inicio y resumen'!$B$15,H13<='Inicio y resumen'!$B$16,I13>='Inicio y resumen'!$B$15,I13<='Inicio y resumen'!$B$16),"OK","REVISAR"))) | T13: =IF(COUNTA(B13:R13)=0,"",IF(AND(L13>0,M13>0,N13>=0,M13<=L13,N13<=M13),"OK","REVISAR")) | U13: =IF(COUNTA(B13:R13)=0,"",IF(AND(B13<>"",C13<>"",E13<>"",G13<>"",H13<>"",I13<>"",L13>0,M13>0),"OK","FALTAN DATOS")) | V13: =IF(OR(C13="",E13=""),"",IF(COUNTIFS($C$7:$C$206,C13,$E$7:$E$206,E13)>1,"DUPLICADO","OK"))
A14: =IF(COUNTA(B14:R14)=0,"",ROW()-6) | S14: =IF(COUNTA(B14:R14)=0,"",IF(OR(H14="",I14=""),"REVISAR",IF(AND(H14>='Inicio y resumen'!$B$15,H14<='Inicio y resumen'!$B$16,I14>='Inicio y resumen'!$B$15,I14<='Inicio y resumen'!$B$16),"OK","REVISAR"))) | T14: =IF(COUNTA(B14:R14)=0,"",IF(AND(L14>0,M14>0,N14>=0,M14<=L14,N14<=M14),"OK","REVISAR")) | U14: =IF(COUNTA(B14:R14)=0,"",IF(AND(B14<>"",C14<>"",E14<>"",G14<>"",H14<>"",I14<>"",L14>0,M14>0),"OK","FALTAN DATOS")) | V14: =IF(OR(C14="",E14=""),"",IF(COUNTIFS($C$7:$C$206,C14,$E$7:$E$206,E14)>1,"DUPLICADO","OK"))
A15: =IF(COUNTA(B15:R15)=0,"",ROW()-6) | S15: =IF(COUNTA(B15:R15)=0,"",IF(OR(H15="",I15=""),"REVISAR",IF(AND(H15>='Inicio y resumen'!$B$15,H15<='Inicio y resumen'!$B$16,I15>='Inicio y resumen'!$B$15,I15<='Inicio y resumen'!$B$16),"OK","REVISAR"))) | T15: =IF(COUNTA(B15:R15)=0,"",IF(AND(L15>0,M15>0,N15>=0,M15<=L15,N15<=M15),"OK","REVISAR")) | U15: =IF(COUNTA(B15:R15)=0,"",IF(AND(B15<>"",C15<>"",E15<>"",G15<>"",H15<>"",I15<>"",L15>0,M15>0),"OK","FALTAN DATOS")) | V15: =IF(OR(C15="",E15=""),"",IF(COUNTIFS($C$7:$C$206,C15,$E$7:$E$206,E15)>1,"DUPLICADO","OK"))
A16: =IF(COUNTA(B16:R16)=0,"",ROW()-6) | S16: =IF(COUNTA(B16:R16)=0,"",IF(OR(H16="",I16=""),"REVISAR",IF(AND(H16>='Inicio y resumen'!$B$15,H16<='Inicio y resumen'!$B$16,I16>='Inicio y resumen'!$B$15,I16<='Inicio y resumen'!$B$16),"OK","REVISAR"))) | T16: =IF(COUNTA(B16:R16)=0,"",IF(AND(L16>0,M16>0,N16>=0,M16<=L16,N16<=M16),"OK","REVISAR")) | U16: =IF(COUNTA(B16:R16)=0,"",IF(AND(B16<>"",C16<>"",E16<>"",G16<>"",H16<>"",I16<>"",L16>0,M16>0),"OK","FALTAN DATOS")) | V16: =IF(OR(C16="",E16=""),"",IF(COUNTIFS($C$7:$C$206,C16,$E$7:$E$206,E16)>1,"DUPLICADO","OK"))
A17: =IF(COUNTA(B17:R17)=0,"",ROW()-6) | S17: =IF(COUNTA(B17:R17)=0,"",IF(OR(H17="",I17=""),"REVISAR",IF(AND(H17>='Inicio y resumen'!$B$15,H17<='Inicio y resumen'!$B$16,I17>='Inicio y resumen'!$B$15,I17<='Inicio y resumen'!$B$16),"OK","REVISAR"))) | T17: =IF(COUNTA(B17:R17)=0,"",IF(AND(L17>0,M17>0,N17>=0,M17<=L17,N17<=M17),"OK","REVISAR")) | U17: =IF(COUNTA(B17:R17)=0,"",IF(AND(B17<>"",C17<>"",E17<>"",G17<>"",H17<>"",I17<>"",L17>0,M17>0),"OK","FALTAN DATOS")) | V17: =IF(OR(C17="",E17=""),"",IF(COUNTIFS($C$7:$C$206,C17,$E$7:$E$206,E17)>1,"DUPLICADO","OK"))
A18: =IF(COUNTA(B18:R18)=0,"",ROW()-6) | S18: =IF(COUNTA(B18:R18)=0,"",IF(OR(H18="",I18=""),"REVISAR",IF(AND(H18>='Inicio y resumen'!$B$15,H18<='Inicio y resumen'!$B$16,I18>='Inicio y resumen'!$B$15,I18<='Inicio y resumen'!$B$16),"OK","REVISAR"))) | T18: =IF(COUNTA(B18:R18)=0,"",IF(AND(L18>0,M18>0,N18>=0,M18<=L18,N18<=M18),"OK","REVISAR")) | U18: =IF(COUNTA(B18:R18)=0,"",IF(AND(B18<>"",C18<>"",E18<>"",G18<>"",H18<>"",I18<>"",L18>0,M18>0),"OK","FALTAN DATOS")) | V18: =IF(OR(C18="",E18=""),"",IF(COUNTIFS($C$7:$C$206,C18,$E$7:$E$206,E18)>1,"DUPLICADO","OK"))
... A206: =IF(COUNTA(B206:R206)=0,"",ROW()-6) | S206: =IF(COUNTA(B206:R206)=0,"",IF(OR(H206="",I206=""),"REVISAR",IF(AND(H206>='Inicio y resumen'!$B$15,H206<='Inicio y resumen'!$B$16,I206>='Inicio y resumen'!$B$15,I206<='Inicio y resumen'!$B$16),"OK","REVISAR"))) | T206: =IF(COUNTA(B206:R206)=0,"",IF(AND(L206>0,M206>0,N206>=0,M206<=L206,N206<=M206),"OK","REVISAR")) | U206: =IF(COUNTA(B206:R206)=0,"",IF(AND(B206<>"",C206<>"",E206<>"",G206<>"",H206<>"",I206<>"",L206>0,M206>0),"OK","FALTAN DATOS")) | V206: =IF(OR(C206="",E206=""),"",IF(COUNTIFS($C$7:$C$206,C206,$E$7:$E$206,E206)>1,"DUPLICADO","OK"))

Sheet Otros ingresos
A1: OTROS INGRESOS, AYUDAS Y SUBVENCIONES | B1: OTROS INGRESOS, AYUDAS Y SUBVENCIONES | C1: OTROS INGRESOS, AYUDAS Y SUBVENCIONES | D1: OTROS INGRESOS, AYUDAS Y SUBVENCIONES | E1: OTROS INGRESOS, AYUDAS Y SUBVENCIONES | F1: OTROS INGRESOS, AYUDAS Y SUBVENCIONES | G1: OTROS INGRESOS, AYUDAS Y SUBVENCIONES | H1: OTROS INGRESOS, AYUDAS Y SUBVENCIONES | I1: OTROS INGRESOS, AYUDAS Y SUBVENCIONES | J1: OTROS INGRESOS, AYUDAS Y SUBVENCIONES | K1: OTROS INGRESOS, AYUDAS Y SUBVENCIONES | L1: OTROS INGRESOS, AYUDAS Y SUBVENCIONES | M1: OTROS INGRESOS, AYUDAS Y SUBVENCIONES | N1: OTROS INGRESOS, AYUDAS Y SUBVENCIONES
A2: Detalle toda financiación distinta de la subvención municipal: ayudas, subvenciones, patrocinios, cuotas/inscripciones, ingresos de la actividad y recursos propios. No repita aquí la subvención del Ayuntamiento de Torrevieja indicada en la portada. | B2: Detalle toda financiación distinta de la subvención municipal: ayudas, subvenciones, patrocinios, cuotas/inscripciones, ingresos de la actividad y recursos propios. No repita aquí la subvención del Ayuntamiento de Torrevieja indicada en la portada. | C2: Detalle toda financiación distinta de la subvención municipal: ayudas, subvenciones, patrocinios, cuotas/inscripciones, ingresos de la actividad y recursos propios. No repita aquí la subvención del Ayuntamiento de Torrevieja indicada en la portada. | D2: Detalle toda financiación distinta de la subvención municipal: ayudas, subvenciones, patrocinios, cuotas/inscripciones, ingresos de la actividad y recursos propios. No repita aquí la subvención del Ayuntamiento de Torrevieja indicada en la portada. | E2: Detalle toda financiación distinta de la subvención municipal: ayudas, subvenciones, patrocinios, cuotas/inscripciones, ingresos de la actividad y recursos propios. No repita aquí la subvención del Ayuntamiento de Torrevieja indicada en la portada. | F2: Detalle toda financiación distinta de la subvención municipal: ayudas, subvenciones, patrocinios, cuotas/inscripciones, ingresos de la actividad y recursos propios. No repita aquí la subvención del Ayuntamiento de Torrevieja indicada en la portada. | G2: Detalle toda financiación distinta de la subvención municipal: ayudas, subvenciones, patrocinios, cuotas/inscripciones, ingresos de la actividad y recursos propios. No repita aquí la subvención del Ayuntamiento de Torrevieja indicada en la portada. | H2: Detalle toda financiación distinta de la subvención municipal: ayudas, subvenciones, patrocinios, cuotas/inscripciones, ingresos de la actividad y recursos propios. No repita aquí la subvención del Ayuntamiento de Torrevieja indicada en la portada. | I2: Detalle toda financiación distinta de la subvención municipal: ayudas, subvenciones, patrocinios, cuotas/inscripciones, ingresos de la actividad y recursos propios. No repita aquí la subvención del Ayuntamiento de Torrevieja indicada en la portada. | J2: Detalle toda financiación distinta de la subvención municipal: ayudas, subvenciones, patrocinios, cuotas/inscripciones, ingresos de la actividad y recursos propios. No repita aquí la subvención del Ayuntamiento de Torrevieja indicada en la portada. | K2: Detalle toda financiación distinta de la subvención municipal: ayudas, subvenciones, patrocinios, cuotas/inscripciones, ingresos de la actividad y recursos propios. No repita aquí la subvención del Ayuntamiento de Torrevieja indicada en la portada. | L2: Detalle toda financiación distinta de la subvención municipal: ayudas, subvenciones, patrocinios, cuotas/inscripciones, ingresos de la actividad y recursos propios. No repita aquí la subvención del Ayuntamiento de Torrevieja indicada en la portada. | M2: Detalle toda financiación distinta de la subvención municipal: ayudas, subvenciones, patrocinios, cuotas/inscripciones, ingresos de la actividad y recursos propios. No repita aquí la subvención del Ayuntamiento de Torrevieja indicada en la portada. | N2: Detalle toda financiación distinta de la subvención municipal: ayudas, subvenciones, patrocinios, cuotas/inscripciones, ingresos de la actividad y recursos propios. No repita aquí la subvención del Ayuntamiento de Torrevieja indicada en la portada.
A3: Detalle toda financiación distinta de la subvención municipal: ayudas, subvenciones, patrocinios, cuotas/inscripciones, ingresos de la actividad y recursos propios. No repita aquí la subvención del Ayuntamiento de Torrevieja indicada en la portada. | B3: Detalle toda financiación distinta de la subvención municipal: ayudas, subvenciones, patrocinios, cuotas/inscripciones, ingresos de la actividad y recursos propios. No repita aquí la subvención del Ayuntamiento de Torrevieja indicada en la portada. | C3: Detalle toda financiación distinta de la subvención municipal: ayudas, subvenciones, patrocinios, cuotas/inscripciones, ingresos de la actividad y recursos propios. No repita aquí la subvención del Ayuntamiento de Torrevieja indicada en la portada. | D3: Detalle toda financiación distinta de la subvención municipal: ayudas, subvenciones, patrocinios, cuotas/inscripciones, ingresos de la actividad y recursos propios. No repita aquí la subvención del Ayuntamiento de Torrevieja indicada en la portada. | E3: Detalle toda financiación distinta de la subvención municipal: ayudas, subvenciones, patrocinios, cuotas/inscripciones, ingresos de la actividad y recursos propios. No repita aquí la subvención del Ayuntamiento de Torrevieja indicada en la portada. | F3: Detalle toda financiación distinta de la subvención municipal: ayudas, subvenciones, patrocinios, cuotas/inscripciones, ingresos de la actividad y recursos propios. No repita aquí la subvención del Ayuntamiento de Torrevieja indicada en la portada. | G3: Detalle toda financiación distinta de la subvención municipal: ayudas, subvenciones, patrocinios, cuotas/inscripciones, ingresos de la actividad y recursos propios. No repita aquí la subvención del Ayuntamiento de Torrevieja indicada en la portada. | H3: Detalle toda financiación distinta de la subvención municipal: ayudas, subvenciones, patrocinios, cuotas/inscripciones, ingresos de la actividad y recursos propios. No repita aquí la subvención del Ayuntamiento de Torrevieja indicada en la portada. | I3: Detalle toda financiación distinta de la subvención municipal: ayudas, subvenciones, patrocinios, cuotas/inscripciones, ingresos de la actividad y recursos propios. No repita aquí la subvención del Ayuntamiento de Torrevieja indicada en la portada. | J3: Detalle toda financiación distinta de la subvención municipal: ayudas, subvenciones, patrocinios, cuotas/inscripciones, ingresos de la actividad y recursos propios. No repita aquí la subvención del Ayuntamiento de Torrevieja indicada en la portada. | K3: Detalle toda financiación distinta de la subvención municipal: ayudas, subvenciones, patrocinios, cuotas/inscripciones, ingresos de la actividad y recursos propios. No repita aquí la subvención del Ayuntamiento de Torrevieja indicada en la portada. | L3: Detalle toda financiación distinta de la subvención municipal: ayudas, subvenciones, patrocinios, cuotas/inscripciones, ingresos de la actividad y recursos propios. No repita aquí la subvención del Ayuntamiento de Torrevieja indicada en la portada. | M3: Detalle toda financiación distinta de la subvención municipal: ayudas, subvenciones, patrocinios, cuotas/inscripciones, ingresos de la actividad y recursos propios. No repita aquí la subvención del Ayuntamiento de Torrevieja indicada en la portada. | N3: Detalle toda financiación distinta de la subvención municipal: ayudas, subvenciones, patrocinios, cuotas/inscripciones, ingresos de la actividad y recursos propios. No repita aquí la subvención del Ayuntamiento de Torrevieja indicada en la portada.
A4: ="Otra financiación considerada "&TEXT(SUM($L$7:$L$106),"#,##0.00 €")&" · de la cual ayudas/subvenciones "&TEXT(SUM($M$7:$M$106),"#,##0.00 €") -> Otra financiación considerada ,000 € · de la cual ayudas/subvenciones ,000 €
A6: N.º | B6: Tipo de financiación * | C6: Procedencia / entidad * | D6: NIF/CIF | E6: Expediente / referencia | F6: Descripción / vinculación | G6: Importe * | H6: Fecha concesión / obtención | I6: Fecha cobro / aplicación | J6: ¿Es ayuda o subvención? | K6: Estado * | L6: Financiación computable | M6: Ayudas computables | N6: Control campos
A7: =IF(COUNTA(B7:K7)=0,"",ROW()-6) | L7: =IF(OR(G7="",K7="Renunciado / no aplicado"),0,G7) -> 0 | M7: =IF(AND(J7="Sí",K7<>"Renunciado / no aplicado"),G7,0) -> 0 | N7: =IF(COUNTA(B7:K7)=0,"",IF(AND(B7<>"",C7<>"",G7>0,J7<>"",K7<>""),"OK","FALTAN DATOS"))
A8: =IF(COUNTA(B8:K8)=0,"",ROW()-6) | L8: =IF(OR(G8="",K8="Renunciado / no aplicado"),0,G8) -> 0 | M8: =IF(AND(J8="Sí",K8<>"Renunciado / no aplicado"),G8,0) -> 0 | N8: =IF(COUNTA(B8:K8)=0,"",IF(AND(B8<>"",C8<>"",G8>0,J8<>"",K8<>""),"OK","FALTAN DATOS"))
A9: =IF(COUNTA(B9:K9)=0,"",ROW()-6) | L9: =IF(OR(G9="",K9="Renunciado / no aplicado"),0,G9) -> 0 | M9: =IF(AND(J9="Sí",K9<>"Renunciado / no aplicado"),G9,0) -> 0 | N9: =IF(COUNTA(B9:K9)=0,"",IF(AND(B9<>"",C9<>"",G9>0,J9<>"",K9<>""),"OK","FALTAN DATOS"))
A10: =IF(COUNTA(B10:K10)=0,"",ROW()-6) | L10: =IF(OR(G10="",K10="Renunciado / no aplicado"),0,G10) -> 0 | M10: =IF(AND(J10="Sí",K10<>"Renunciado / no aplicado"),G10,0) -> 0 | N10: =IF(COUNTA(B10:K10)=0,"",IF(AND(B10<>"",C10<>"",G10>0,J10<>"",K10<>""),"OK","FALTAN DATOS"))
A11: =IF(COUNTA(B11:K11)=0,"",ROW()-6) | L11: =IF(OR(G11="",K11="Renunciado / no aplicado"),0,G11) -> 0 | M11: =IF(AND(J11="Sí",K11<>"Renunciado / no aplicado"),G11,0) -> 0 | N11: =IF(COUNTA(B11:K11)=0,"",IF(AND(B11<>"",C11<>"",G11>0,J11<>"",K11<>""),"OK","FALTAN DATOS"))
A12: =IF(COUNTA(B12:K12)=0,"",ROW()-6) | L12: =IF(OR(G12="",K12="Renunciado / no aplicado"),0,G12) -> 0 | M12: =IF(AND(J12="Sí",K12<>"Renunciado / no aplicado"),G12,0) -> 0 | N12: =IF(COUNTA(B12:K12)=0,"",IF(AND(B12<>"",C12<>"",G12>0,J12<>"",K12<>""),"OK","FALTAN DATOS"))
A13: =IF(COUNTA(B13:K13)=0,"",ROW()-6) | L13: =IF(OR(G13="",K13="Renunciado / no aplicado"),0,G13) -> 0 | M13: =IF(AND(J13="Sí",K13<>"Renunciado / no aplicado"),G13,0) -> 0 | N13: =IF(COUNTA(B13:K13)=0,"",IF(AND(B13<>"",C13<>"",G13>0,J13<>"",K13<>""),"OK","FALTAN DATOS"))
A14: =IF(COUNTA(B14:K14)=0,"",ROW()-6) | L14: =IF(OR(G14="",K14="Renunciado / no aplicado"),0,G14) -> 0 | M14: =IF(AND(J14="Sí",K14<>"Renunciado / no aplicado"),G14,0) -> 0 | N14: =IF(COUNTA(B14:K14)=0,"",IF(AND(B14<>"",C14<>"",G14>0,J14<>"",K14<>""),"OK","FALTAN DATOS"))
A15: =IF(COUNTA(B15:K15)=0,"",ROW()-6) | L15: =IF(OR(G15="",K15="Renunciado / no aplicado"),0,G15) -> 0 | M15: =IF(AND(J15="Sí",K15<>"Renunciado / no aplicado"),G15,0) -> 0 | N15: =IF(COUNTA(B15:K15)=0,"",IF(AND(B15<>"",C15<>"",G15>0,J15<>"",K15<>""),"OK","FALTAN DATOS"))
A16: =IF(COUNTA(B16:K16)=0,"",ROW()-6) | L16: =IF(OR(G16="",K16="Renunciado / no aplicado"),0,G16) -> 0 | M16: =IF(AND(J16="Sí",K16<>"Renunciado / no aplicado"),G16,0) -> 0 | N16: =IF(COUNTA(B16:K16)=0,"",IF(AND(B16<>"",C16<>"",G16>0,J16<>"",K16<>""),"OK","FALTAN DATOS"))
A17: =IF(COUNTA(B17:K17)=0,"",ROW()-6) | L17: =IF(OR(G17="",K17="Renunciado / no aplicado"),0,G17) -> 0 | M17: =IF(AND(J17="Sí",K17<>"Renunciado / no aplicado"),G17,0) -> 0 | N17: =IF(COUNTA(B17:K17)=0,"",IF(AND(B17<>"",C17<>"",G17>0,J17<>"",K17<>""),"OK","FALTAN DATOS"))
A18: =IF(COUNTA(B18:K18)=0,"",ROW()-6) | L18: =IF(OR(G18="",K18="Renunciado / no aplicado"),0,G18) -> 0 | M18: =IF(AND(J18="Sí",K18<>"Renunciado / no aplicado"),G18,0) -> 0 | N18: =IF(COUNTA(B18:K18)=0,"",IF(AND(B18<>"",C18<>"",G18>0,J18<>"",K18<>""),"OK","FALTAN DATOS"))
... A106: =IF(COUNTA(B106:K106)=0,"",ROW()-6) | L106: =IF(OR(G106="",K106="Renunciado / no aplicado"),0,G106) -> 0 | M106: =IF(AND(J106="Sí",K106<>"Renunciado / no aplicado"),G106,0) -> 0 | N106: =IF(COUNTA(B106:K106)=0,"",IF(AND(B106<>"",C106<>"",G106>0,J106<>"",K106<>""),"OK","FALTAN DATOS"))

Sheet Documentación
A1: CHECKLIST DE DOCUMENTACIÓN ECONÓMICA | B1: CHECKLIST DE DOCUMENTACIÓN ECONÓMICA | C1: CHECKLIST DE DOCUMENTACIÓN ECONÓMICA | D1: CHECKLIST DE DOCUMENTACIÓN ECONÓMICA | E1: CHECKLIST DE DOCUMENTACIÓN ECONÓMICA | F1: CHECKLIST DE DOCUMENTACIÓN ECONÓMICA
A2: Use este listado como control interno. Las facturas y justificantes de pago no se aportan inicialmente, pero deben conservarse y el Ayuntamiento puede requerirlos. Marque «No aplica» solo cuando proceda. | B2: Use este listado como control interno. Las facturas y justificantes de pago no se aportan inicialmente, pero deben conservarse y el Ayuntamiento puede requerirlos. Marque «No aplica» solo cuando proceda. | C2: Use este listado como control interno. Las facturas y justificantes de pago no se aportan inicialmente, pero deben conservarse y el Ayuntamiento puede requerirlos. Marque «No aplica» solo cuando proceda. | D2: Use este listado como control interno. Las facturas y justificantes de pago no se aportan inicialmente, pero deben conservarse y el Ayuntamiento puede requerirlos. Marque «No aplica» solo cuando proceda. | E2: Use este listado como control interno. Las facturas y justificantes de pago no se aportan inicialmente, pero deben conservarse y el Ayuntamiento puede requerirlos. Marque «No aplica» solo cuando proceda. | F2: Use este listado como control interno. Las facturas y justificantes de pago no se aportan inicialmente, pero deben conservarse y el Ayuntamiento puede requerirlos. Marque «No aplica» solo cuando proceda.
A3: Use este listado como control interno. Las facturas y justificantes de pago no se aportan inicialmente, pero deben conservarse y el Ayuntamiento puede requerirlos. Marque «No aplica» solo cuando proceda. | B3: Use este listado como control interno. Las facturas y justificantes de pago no se aportan inicialmente, pero deben conservarse y el Ayuntamiento puede requerirlos. Marque «No aplica» solo cuando proceda. | C3: Use este listado como control interno. Las facturas y justificantes de pago no se aportan inicialmente, pero deben conservarse y el Ayuntamiento puede requerirlos. Marque «No aplica» solo cuando proceda. | D3: Use este listado como control interno. Las facturas y justificantes de pago no se aportan inicialmente, pero deben conservarse y el Ayuntamiento puede requerirlos. Marque «No aplica» solo cuando proceda. | E3: Use este listado como control interno. Las facturas y justificantes de pago no se aportan inicialmente, pero deben conservarse y el Ayuntamiento puede requerirlos. Marque «No aplica» solo cuando proceda. | F3: Use este listado como control interno. Las facturas y justificantes de pago no se aportan inicialmente, pero deben conservarse y el Ayuntamiento puede requerirlos. Marque «No aplica» solo cuando proceda.
A6: N.º | B6: Documento / comprobación | C6: Estado | D6: Nombre del archivo / referencia | E6: Observaciones | F6: Fundamento
A7: 1 | B7: Relación clasificada de gastos cumplimentada | C7: Pendiente | F7: Art. 14.3.b
A8: 2 | B8: Relación de otros ingresos, ayudas o subvenciones cumplimentada | C8: Pendiente | F8: Art. 14.3.b
A9: 3 | B9: Facturas o documentos equivalentes conservados y localizables | C9: Pendiente | F9: Arts. 14.4 y 15
A10: 4 | B10: Justificantes de pago conservados y localizables | C10: Pendiente | F10: Arts. 14.4 y 15.4
A11: 5 | B11: Carta de pago del reintegro de remanentes e intereses | C11: No aplica | F11: Art. 14.3
A12: 6 | B12: Declaración responsable de IVA no recuperable (Anexo VII) | C12: No aplica | F12: Art. 14.3
A13: 7 | B13: Acreditación de retenciones de IRPF, si existen profesionales sujetos | C13: No aplica | F13: Art. 15.3
A14: 8 | B14: Revisión de avisos automáticos de la hoja «Inicio y resumen» | C14: Pendiente | F14: Control de la plantilla

Sheet Ayuda y criterios
A1: AYUDA DE CUMPLIMENTACIÓN Y CRITERIOS | B1: AYUDA DE CUMPLIMENTACIÓN Y CRITERIOS | C1: AYUDA DE CUMPLIMENTACIÓN Y CRITERIOS | D1: AYUDA DE CUMPLIMENTACIÓN Y CRITERIOS | E1: AYUDA DE CUMPLIMENTACIÓN Y CRITERIOS | F1: AYUDA DE CUMPLIMENTACIÓN Y CRITERIOS | G1: AYUDA DE CUMPLIMENTACIÓN Y CRITERIOS | H1: AYUDA DE CUMPLIMENTACIÓN Y CRITERIOS
A3: QUÉ EXIGE EL ARTÍCULO 14.3.b | B3: QUÉ EXIGE EL ARTÍCULO 14.3.b | C3: QUÉ EXIGE EL ARTÍCULO 14.3.b | D3: QUÉ EXIGE EL ARTÍCULO 14.3.b | E3: QUÉ EXIGE EL ARTÍCULO 14.3.b | F3: QUÉ EXIGE EL ARTÍCULO 14.3.b | G3: QUÉ EXIGE EL ARTÍCULO 14.3.b | H3: QUÉ EXIGE EL ARTÍCULO 14.3.b
A4: La memoria económica debe contener: (1) relación clasificada de gastos con acreedor, número de factura o documento equivalente, importe, fecha de emisión y fecha de pago; (2) identificación de los gastos imputados a la subvención municipal y breve vinculación con la actividad; (3) relación detallada de otros ingresos, ayudas o subvenciones, con importe y procedencia; (4) control de que las ayudas no superen el coste real; y (5) recálculo proporcional si el coste final es inferior en un 20% o más al presupuesto inicial. | B4: La memoria económica debe contener: (1) relación clasificada de gastos con acreedor, número de factura o documento equivalente, importe, fecha de emisión y fecha de pago; (2) identificación de los gastos imputados a la subvención municipal y breve vinculación con la actividad; (3) relación detallada de otros ingresos, ayudas o subvenciones, con importe y procedencia; (4) control de que las ayudas no superen el coste real; y (5) recálculo proporcional si el coste final es inferior en un 20% o más al presupuesto inicial. | C4: La memoria económica debe contener: (1) relación clasificada de gastos con acreedor, número de factura o documento equivalente, importe, fecha de emisión y fecha de pago; (2) identificación de los gastos imputados a la subvención municipal y breve vinculación con la actividad; (3) relación detallada de otros ingresos, ayudas o subvenciones, con importe y procedencia; (4) control de que las ayudas no superen el coste real; y (5) recálculo proporcional si el coste final es inferior en un 20% o más al presupuesto inicial. | D4: La memoria económica debe contener: (1) relación clasificada de gastos con acreedor, número de factura o documento equivalente, importe, fecha de emisión y fecha de pago; (2) identificación de los gastos imputados a la subvención municipal y breve vinculación con la actividad; (3) relación detallada de otros ingresos, ayudas o subvenciones, con importe y procedencia; (4) control de que las ayudas no superen el coste real; y (5) recálculo proporcional si el coste final es inferior en un 20% o más al presupuesto inicial. | E4: La memoria económica debe contener: (1) relación clasificada de gastos con acreedor, número de factura o documento equivalente, importe, fecha de emisión y fecha de pago; (2) identificación de los gastos imputados a la subvención municipal y breve vinculación con la actividad; (3) relación detallada de otros ingresos, ayudas o subvenciones, con importe y procedencia; (4) control de que las ayudas no superen el coste real; y (5) recálculo proporcional si el coste final es inferior en un 20% o más al presupuesto inicial. | F4: La memoria económica debe contener: (1) relación clasificada de gastos con acreedor, número de factura o documento equivalente, importe, fecha de emisión y fecha de pago; (2) identificación de los gastos imputados a la subvención municipal y breve vinculación con la actividad; (3) relación detallada de otros ingresos, ayudas o subvenciones, con importe y procedencia; (4) control de que las ayudas no superen el coste real; y (5) recálculo proporcional si el coste final es inferior en un 20% o más al presupuesto inicial. | G4: La memoria económica debe contener: (1) relación clasificada de gastos con acreedor, número de factura o documento equivalente, importe, fecha de emisión y fecha de pago; (2) identificación de los gastos imputados a la subvención municipal y breve vinculación con la actividad; (3) relación detallada de otros ingresos, ayudas o subvenciones, con importe y procedencia; (4) control de que las ayudas no superen el coste real; y (5) recálculo proporcional si el coste final es inferior en un 20% o más al presupuesto inicial. | H4: La memoria económica debe contener: (1) relación clasificada de gastos con acreedor, número de factura o documento equivalente, importe, fecha de emisión y fecha de pago; (2) identificación de los gastos imputados a la subvención municipal y breve vinculación con la actividad; (3) relación detallada de otros ingresos, ayudas o subvenciones, con importe y procedencia; (4) control de que las ayudas no superen el coste real; y (5) recálculo proporcional si el coste final es inferior en un 20% o más al presupuesto inicial.
A5: La memoria económica debe contener: (1) relación clasificada de gastos con acreedor, número de factura o documento equivalente, importe, fecha de emisión y fecha de pago; (2) identificación de los gastos imputados a la subvención municipal y breve vinculación con la actividad; (3) relación detallada de otros ingresos, ayudas o subvenciones, con importe y procedencia; (4) control de que las ayudas no superen el coste real; y (5) recálculo proporcional si el coste final es inferior en un 20% o más al presupuesto inicial. | B5: La memoria económica debe contener: (1) relación clasificada de gastos con acreedor, número de factura o documento equivalente, importe, fecha de emisión y fecha de pago; (2) identificación de los gastos imputados a la subvención municipal y breve vinculación con la actividad; (3) relación detallada de otros ingresos, ayudas o subvenciones, con importe y procedencia; (4) control de que las ayudas no superen el coste real; y (5) recálculo proporcional si el coste final es inferior en un 20% o más al presupuesto inicial. | C5: La memoria económica debe contener: (1) relación clasificada de gastos con acreedor, número de factura o documento equivalente, importe, fecha de emisión y fecha de pago; (2) identificación de los gastos imputados a la subvención municipal y breve vinculación con la actividad; (3) relación detallada de otros ingresos, ayudas o subvenciones, con importe y procedencia; (4) control de que las ayudas no superen el coste real; y (5) recálculo proporcional si el coste final es inferior en un 20% o más al presupuesto inicial. | D5: La memoria económica debe contener: (1) relación clasificada de gastos con acreedor, número de factura o documento equivalente, importe, fecha de emisión y fecha de pago; (2) identificación de los gastos imputados a la subvención municipal y breve vinculación con la actividad; (3) relación detallada de otros ingresos, ayudas o subvenciones, con importe y procedencia; (4) control de que las ayudas no superen el coste real; y (5) recálculo proporcional si el coste final es inferior en un 20% o más al presupuesto inicial. | E5: La memoria económica debe contener: (1) relación clasificada de gastos con acreedor, número de factura o documento equivalente, importe, fecha de emisión y fecha de pago; (2) identificación de los gastos imputados a la subvención municipal y breve vinculación con la actividad; (3) relación detallada de otros ingresos, ayudas o subvenciones, con importe y procedencia; (4) control de que las ayudas no superen el coste real; y (5) recálculo proporcional si el coste final es inferior en un 20% o más al presupuesto inicial. | F5: La memoria económica debe contener: (1) relación clasificada de gastos con acreedor, número de factura o documento equivalente, importe, fecha de emisión y fecha de pago; (2) identificación de los gastos imputados a la subvención municipal y breve vinculación con la actividad; (3) relación detallada de otros ingresos, ayudas o subvenciones, con importe y procedencia; (4) control de que las ayudas no superen el coste real; y (5) recálculo proporcional si el coste final es inferior en un 20% o más al presupuesto inicial. | G5: La memoria económica debe contener: (1) relación clasificada de gastos con acreedor, número de factura o documento equivalente, importe, fecha de emisión y fecha de pago; (2) identificación de los gastos imputados a la subvención municipal y breve vinculación con la actividad; (3) relación detallada de otros ingresos, ayudas o subvenciones, con importe y procedencia; (4) control de que las ayudas no superen el coste real; y (5) recálculo proporcional si el coste final es inferior en un 20% o más al presupuesto inicial. | H5: La memoria económica debe contener: (1) relación clasificada de gastos con acreedor, número de factura o documento equivalente, importe, fecha de emisión y fecha de pago; (2) identificación de los gastos imputados a la subvención municipal y breve vinculación con la actividad; (3) relación detallada de otros ingresos, ayudas o subvenciones, con importe y procedencia; (4) control de que las ayudas no superen el coste real; y (5) recálculo proporcional si el coste final es inferior en un 20% o más al presupuesto inicial.
A6: La memoria económica debe contener: (1) relación clasificada de gastos con acreedor, número de factura o documento equivalente, importe, fecha de emisión y fecha de pago; (2) identificación de los gastos imputados a la subvención municipal y breve vinculación con la actividad; (3) relación detallada de otros ingresos, ayudas o subvenciones, con importe y procedencia; (4) control de que las ayudas no superen el coste real; y (5) recálculo proporcional si el coste final es inferior en un 20% o más al presupuesto inicial. | B6: La memoria económica debe contener: (1) relación clasificada de gastos con acreedor, número de factura o documento equivalente, importe, fecha de emisión y fecha de pago; (2) identificación de los gastos imputados a la subvención municipal y breve vinculación con la actividad; (3) relación detallada de otros ingresos, ayudas o subvenciones, con importe y procedencia; (4) control de que las ayudas no superen el coste real; y (5) recálculo proporcional si el coste final es inferior en un 20% o más al presupuesto inicial. | C6: La memoria económica debe contener: (1) relación clasificada de gastos con acreedor, número de factura o documento equivalente, importe, fecha de emisión y fecha de pago; (2) identificación de los gastos imputados a la subvención municipal y breve vinculación con la actividad; (3) relación detallada de otros ingresos, ayudas o subvenciones, con importe y procedencia; (4) control de que las ayudas no superen el coste real; y (5) recálculo proporcional si el coste final es inferior en un 20% o más al presupuesto inicial. | D6: La memoria económica debe contener: (1) relación clasificada de gastos con acreedor, número de factura o documento equivalente, importe, fecha de emisión y fecha de pago; (2) identificación de los gastos imputados a la subvención municipal y breve vinculación con la actividad; (3) relación detallada de otros ingresos, ayudas o subvenciones, con importe y procedencia; (4) control de que las ayudas no superen el coste real; y (5) recálculo proporcional si el coste final es inferior en un 20% o más al presupuesto inicial. | E6: La memoria económica debe contener: (1) relación clasificada de gastos con acreedor, número de factura o documento equivalente, importe, fecha de emisión y fecha de pago; (2) identificación de los gastos imputados a la subvención municipal y breve vinculación con la actividad; (3) relación detallada de otros ingresos, ayudas o subvenciones, con importe y procedencia; (4) control de que las ayudas no superen el coste real; y (5) recálculo proporcional si el coste final es inferior en un 20% o más al presupuesto inicial. | F6: La memoria económica debe contener: (1) relación clasificada de gastos con acreedor, número de factura o documento equivalente, importe, fecha de emisión y fecha de pago; (2) identificación de los gastos imputados a la subvención municipal y breve vinculación con la actividad; (3) relación detallada de otros ingresos, ayudas o subvenciones, con importe y procedencia; (4) control de que las ayudas no superen el coste real; y (5) recálculo proporcional si el coste final es inferior en un 20% o más al presupuesto inicial. | G6: La memoria económica debe contener: (1) relación clasificada de gastos con acreedor, número de factura o documento equivalente, importe, fecha de emisión y fecha de pago; (2) identificación de los gastos imputados a la subvención municipal y breve vinculación con la actividad; (3) relación detallada de otros ingresos, ayudas o subvenciones, con importe y procedencia; (4) control de que las ayudas no superen el coste real; y (5) recálculo proporcional si el coste final es inferior en un 20% o más al presupuesto inicial. | H6: La memoria económica debe contener: (1) relación clasificada de gastos con acreedor, número de factura o documento equivalente, importe, fecha de emisión y fecha de pago; (2) identificación de los gastos imputados a la subvención municipal y breve vinculación con la actividad; (3) relación detallada de otros ingresos, ayudas o subvenciones, con importe y procedencia; (4) control de que las ayudas no superen el coste real; y (5) recálculo proporcional si el coste final es inferior en un 20% o más al presupuesto inicial.
A7: La memoria económica debe contener: (1) relación clasificada de gastos con acreedor, número de factura o documento equivalente, importe, fecha de emisión y fecha de pago; (2) identificación de los gastos imputados a la subvención municipal y breve vinculación con la actividad; (3) relación detallada de otros ingresos, ayudas o subvenciones, con importe y procedencia; (4) control de que las ayudas no superen el coste real; y (5) recálculo proporcional si el coste final es inferior en un 20% o más al presupuesto inicial. | B7: La memoria económica debe contener: (1) relación clasificada de gastos con acreedor, número de factura o documento equivalente, importe, fecha de emisión y fecha de pago; (2) identificación de los gastos imputados a la subvención municipal y breve vinculación con la actividad; (3) relación detallada de otros ingresos, ayudas o subvenciones, con importe y procedencia; (4) control de que las ayudas no superen el coste real; y (5) recálculo proporcional si el coste final es inferior en un 20% o más al presupuesto inicial. | C7: La memoria económica debe contener: (1) relación clasificada de gastos con acreedor, número de factura o documento equivalente, importe, fecha de emisión y fecha de pago; (2) identificación de los gastos imputados a la subvención municipal y breve vinculación con la actividad; (3) relación detallada de otros ingresos, ayudas o subvenciones, con importe y procedencia; (4) control de que las ayudas no superen el coste real; y (5) recálculo proporcional si el coste final es inferior en un 20% o más al presupuesto inicial. | D7: La memoria económica debe contener: (1) relación clasificada de gastos con acreedor, número de factura o documento equivalente, importe, fecha de emisión y fecha de pago; (2) identificación de los gastos imputados a la subvención municipal y breve vinculación con la actividad; (3) relación detallada de otros ingresos, ayudas o subvenciones, con importe y procedencia; (4) control de que las ayudas no superen el coste real; y (5) recálculo proporcional si el coste final es inferior en un 20% o más al presupuesto inicial. | E7: La memoria económica debe contener: (1) relación clasificada de gastos con acreedor, número de factura o documento equivalente, importe, fecha de emisión y fecha de pago; (2) identificación de los gastos imputados a la subvención municipal y breve vinculación con la actividad; (3) relación detallada de otros ingresos, ayudas o subvenciones, con importe y procedencia; (4) control de que las ayudas no superen el coste real; y (5) recálculo proporcional si el coste final es inferior en un 20% o más al presupuesto inicial. | F7: La memoria económica debe contener: (1) relación clasificada de gastos con acreedor, número de factura o documento equivalente, importe, fecha de emisión y fecha de pago; (2) identificación de los gastos imputados a la subvención municipal y breve vinculación con la actividad; (3) relación detallada de otros ingresos, ayudas o subvenciones, con importe y procedencia; (4) control de que las ayudas no superen el coste real; y (5) recálculo proporcional si el coste final es inferior en un 20% o más al presupuesto inicial. | G7: La memoria económica debe contener: (1) relación clasificada de gastos con acreedor, número de factura o documento equivalente, importe, fecha de emisión y fecha de pago; (2) identificación de los gastos imputados a la subvención municipal y breve vinculación con la actividad; (3) relación detallada de otros ingresos, ayudas o subvenciones, con importe y procedencia; (4) control de que las ayudas no superen el coste real; y (5) recálculo proporcional si el coste final es inferior en un 20% o más al presupuesto inicial. | H7: La memoria económica debe contener: (1) relación clasificada de gastos con acreedor, número de factura o documento equivalente, importe, fecha de emisión y fecha de pago; (2) identificación de los gastos imputados a la subvención municipal y breve vinculación con la actividad; (3) relación detallada de otros ingresos, ayudas o subvenciones, con importe y procedencia; (4) control de que las ayudas no superen el coste real; y (5) recálculo proporcional si el coste final es inferior en un 20% o más al presupuesto inicial.
A8: La memoria económica debe contener: (1) relación clasificada de gastos con acreedor, número de factura o documento equivalente, importe, fecha de emisión y fecha de pago; (2) identificación de los gastos imputados a la subvención municipal y breve vinculación con la actividad; (3) relación detallada de otros ingresos, ayudas o subvenciones, con importe y procedencia; (4) control de que las ayudas no superen el coste real; y (5) recálculo proporcional si el coste final es inferior en un 20% o más al presupuesto inicial. | B8: La memoria económica debe contener: (1) relación clasificada de gastos con acreedor, número de factura o documento equivalente, importe, fecha de emisión y fecha de pago; (2) identificación de los gastos imputados a la subvención municipal y breve vinculación con la actividad; (3) relación detallada de otros ingresos, ayudas o subvenciones, con importe y procedencia; (4) control de que las ayudas no superen el coste real; y (5) recálculo proporcional si el coste final es inferior en un 20% o más al presupuesto inicial. | C8: La memoria económica debe contener: (1) relación clasificada de gastos con acreedor, número de factura o documento equivalente, importe, fecha de emisión y fecha de pago; (2) identificación de los gastos imputados a la subvención municipal y breve vinculación con la actividad; (3) relación detallada de otros ingresos, ayudas o subvenciones, con importe y procedencia; (4) control de que las ayudas no superen el coste real; y (5) recálculo proporcional si el coste final es inferior en un 20% o más al presupuesto inicial. | D8: La memoria económica debe contener: (1) relación clasificada de gastos con acreedor, número de factura o documento equivalente, importe, fecha de emisión y fecha de pago; (2) identificación de los gastos imputados a la subvención municipal y breve vinculación con la actividad; (3) relación detallada de otros ingresos, ayudas o subvenciones, con importe y procedencia; (4) control de que las ayudas no superen el coste real; y (5) recálculo proporcional si el coste final es inferior en un 20% o más al presupuesto inicial. | E8: La memoria económica debe contener: (1) relación clasificada de gastos con acreedor, número de factura o documento equivalente, importe, fecha de emisión y fecha de pago; (2) identificación de los gastos imputados a la subvención municipal y breve vinculación con la actividad; (3) relación detallada de otros ingresos, ayudas o subvenciones, con importe y procedencia; (4) control de que las ayudas no superen el coste real; y (5) recálculo proporcional si el coste final es inferior en un 20% o más al presupuesto inicial. | F8: La memoria económica debe contener: (1) relación clasificada de gastos con acreedor, número de factura o documento equivalente, importe, fecha de emisión y fecha de pago; (2) identificación de los gastos imputados a la subvención municipal y breve vinculación con la actividad; (3) relación detallada de otros ingresos, ayudas o subvenciones, con importe y procedencia; (4) control de que las ayudas no superen el coste real; y (5) recálculo proporcional si el coste final es inferior en un 20% o más al presupuesto inicial. | G8: La memoria económica debe contener: (1) relación clasificada de gastos con acreedor, número de factura o documento equivalente, importe, fecha de emisión y fecha de pago; (2) identificación de los gastos imputados a la subvención municipal y breve vinculación con la actividad; (3) relación detallada de otros ingresos, ayudas o subvenciones, con importe y procedencia; (4) control de que las ayudas no superen el coste real; y (5) recálculo proporcional si el coste final es inferior en un 20% o más al presupuesto inicial. | H8: La memoria económica debe contener: (1) relación clasificada de gastos con acreedor, número de factura o documento equivalente, importe, fecha de emisión y fecha de pago; (2) identificación de los gastos imputados a la subvención municipal y breve vinculación con la actividad; (3) relación detallada de otros ingresos, ayudas o subvenciones, con importe y procedencia; (4) control de que las ayudas no superen el coste real; y (5) recálculo proporcional si el coste final es inferior en un 20% o más al presupuesto inicial.
A10: CLASIFICACIÓN DE GASTOS SUBVENCIONABLES | B10: CLASIFICACIÓN DE GASTOS SUBVENCIONABLES | C10: CLASIFICACIÓN DE GASTOS SUBVENCIONABLES | D10: CLASIFICACIÓN DE GASTOS SUBVENCIONABLES | E10: CONTROLES COMPLEMENTARIOS | F10: CONTROLES COMPLEMENTARIOS | G10: CONTROLES COMPLEMENTARIOS | H10: CONTROLES COMPLEMENTARIOS
A11: Alquiler de maquinaria o equipamiento | E11: El gasto debe estar efectivamente pagado.
A12: Publicidad y propaganda | E12: Emisión y pago: del 01/11/2025 al 31/10/2026.
A13: Material deportivo | E13: Importe imputado a actividad ≤ importe del documento.
A14: Trofeos, medallas y placas | E14: Importe imputado a subvención ≤ importe de actividad.
A15: Personal de organización o ejecución | E15: Facturas con identificación de emisor y destinatario.
A16: Canon o derechos federativos | E16: Conservar facturas y acreditaciones de pago.
A17: Avituallamiento deportivo | E17: Declarar IVA no recuperable cuando corresponda.
A18: Otros gastos necesarios | E18: No incluir restauración, catering ni actos sociales.
A20: SECUENCIA RECOMENDADA | B20: SECUENCIA RECOMENDADA | C20: SECUENCIA RECOMENDADA | D20: SECUENCIA RECOMENDADA | E20: SECUENCIA RECOMENDADA | F20: SECUENCIA RECOMENDADA | G20: SECUENCIA RECOMENDADA | H20: SECUENCIA RECOMENDADA
A21: 1. Complete la identificación y los importes concedidos en «Inicio y resumen».
A22: 2. Registre todas las facturas y pagos en «Gastos».
A23: 3. Indique toda financiación adicional en «Otros ingresos».
A24: 4. Atienda los avisos de fechas, importes, campos y duplicados.
A25: 5. Revise el recálculo proporcional y el posible exceso de financiación.
A26: 6. Complete el checklist y presente electrónicamente antes del 10/11/2026.
A28: FUENTE | B28: FUENTE | C28: FUENTE | D28: FUENTE | E28: FUENTE | F28: FUENTE | G28: FUENTE | H28: FUENTE
A29: BASES SUBVENCIONES DE EVENTOS Y ACTIVIDADES DEPORTIVAS ANUALIDAD 2026 v.2.docx · Artículos 4, 14.2, 14.3.b, 14.4 y 15. La plantilla facilita la preparación, pero no sustituye a las bases | B29: BASES SUBVENCIONES DE EVENTOS Y ACTIVIDADES DEPORTIVAS ANUALIDAD 2026 v.2.docx · Artículos 4, 14.2, 14.3.b, 14.4 y 15. La plantilla facilita la preparación, pero no sustituye a las bases ni a los anexos oficiales. | C29: BASES SUBVENCIONES DE EVENTOS Y ACTIVIDADES DEPORTIVAS ANUALIDAD 2026 v.2.docx · Artículos 4, 14.2, 14.3.b, 14.4 y 15. La plantilla facilita la preparación, pero no sustituye a las bases ni a los anexos oficiales. | D29: BASES SUBVENCIONES DE EVENTOS Y ACTIVIDADES DEPORTIVAS ANUALIDAD 2026 v.2.docx · Artículos 4, 14.2, 14.3.b, 14.4 y 15. La plantilla facilita la preparación, pero no sustituye a las bases ni a los anexos oficiales. | E29: BASES SUBVENCIONES DE EVENTOS Y ACTIVIDADES DEPORTIVAS ANUALIDAD 2026 v.2.docx · Artículos 4, 14.2, 14.3.b, 14.4 y 15. La plantilla facilita la preparación, pero no sustituye a las bases ni a los anexos oficiales. | F29: BASES SUBVENCIONES DE EVENTOS Y ACTIVIDADES DEPORTIVAS ANUALIDAD 2026 v.2.docx · Artículos 4, 14.2, 14.3.b, 14.4 y 15. La plantilla facilita la preparación, pero no sustituye a las bases ni a los anexos oficiales. | G29: BASES SUBVENCIONES DE EVENTOS Y ACTIVIDADES DEPORTIVAS ANUALIDAD 2026 v.2.docx · Artículos 4, 14.2, 14.3.b, 14.4 y 15. La plantilla facilita la preparación, pero no sustituye a las bases ni a los anexos oficiales. | H29: BASES SUBVENCIONES DE EVENTOS Y ACTIVIDADES DEPORTIVAS ANUALIDAD 2026 v.2.docx · Artículos 4, 14.2, 14.3.b, 14.4 y 15. La plantilla facilita la preparación, pero no sustituye a las bases ni a los anexos oficiales.
A30: BASES SUBVENCIONES DE EVENTOS Y ACTIVIDADES DEPORTIVAS ANUALIDAD 2026 v.2.docx · Artículos 4, 14.2, 14.3.b, 14.4 y 15. La plantilla facilita la preparación, pero no sustituye a las bases ni a los anexos oficiales. | B30: BASES SUBVENCIONES DE EVENTOS Y ACTIVIDADES DEPORTIVAS ANUALIDAD 2026 v.2.docx · Artículos 4, 14.2, 14.3.b, 14.4 y 15. La plantilla facilita la preparación, pero no sustituye a las bases ni a los anexos oficiales. | C30: BASES SUBVENCIONES DE EVENTOS Y ACTIVIDADES DEPORTIVAS ANUALIDAD 2026 v.2.docx · Artículos 4, 14.2, 14.3.b, 14.4 y 15. La plantilla facilita la preparación, pero no sustituye a las bases ni a los anexos oficiales. | D30: BASES SUBVENCIONES DE EVENTOS Y ACTIVIDADES DEPORTIVAS ANUALIDAD 2026 v.2.docx · Artículos 4, 14.2, 14.3.b, 14.4 y 15. La plantilla facilita la preparación, pero no sustituye a las bases ni a los anexos oficiales. | E30: BASES SUBVENCIONES DE EVENTOS Y ACTIVIDADES DEPORTIVAS ANUALIDAD 2026 v.2.docx · Artículos 4, 14.2, 14.3.b, 14.4 y 15. La plantilla facilita la preparación, pero no sustituye a las bases ni a los anexos oficiales. | F30: BASES SUBVENCIONES DE EVENTOS Y ACTIVIDADES DEPORTIVAS ANUALIDAD 2026 v.2.docx · Artículos 4, 14.2, 14.3.b, 14.4 y 15. La plantilla facilita la preparación, pero no sustituye a las bases ni a los anexos oficiales. | G30: BASES SUBVENCIONES DE EVENTOS Y ACTIVIDADES DEPORTIVAS ANUALIDAD 2026 v.2.docx · Artículos 4, 14.2, 14.3.b, 14.4 y 15. La plantilla facilita la preparación, pero no sustituye a las bases ni a los anexos oficiales. | H30: BASES SUBVENCIONES DE EVENTOS Y ACTIVIDADES DEPORTIVAS ANUALIDAD 2026 v.2.docx · Artículos 4, 14.2, 14.3.b, 14.4 y 15. La plantilla facilita la preparación, pero no sustituye a las bases ni a los anexos oficiales.
A31: BASES SUBVENCIONES DE EVENTOS Y ACTIVIDADES DEPORTIVAS ANUALIDAD 2026 v.2.docx · Artículos 4, 14.2, 14.3.b, 14.4 y 15. La plantilla facilita la preparación, pero no sustituye a las bases ni a los anexos oficiales. | B31: BASES SUBVENCIONES DE EVENTOS Y ACTIVIDADES DEPORTIVAS ANUALIDAD 2026 v.2.docx · Artículos 4, 14.2, 14.3.b, 14.4 y 15. La plantilla facilita la preparación, pero no sustituye a las bases ni a los anexos oficiales. | C31: BASES SUBVENCIONES DE EVENTOS Y ACTIVIDADES DEPORTIVAS ANUALIDAD 2026 v.2.docx · Artículos 4, 14.2, 14.3.b, 14.4 y 15. La plantilla facilita la preparación, pero no sustituye a las bases ni a los anexos oficiales. | D31: BASES SUBVENCIONES DE EVENTOS Y ACTIVIDADES DEPORTIVAS ANUALIDAD 2026 v.2.docx · Artículos 4, 14.2, 14.3.b, 14.4 y 15. La plantilla facilita la preparación, pero no sustituye a las bases ni a los anexos oficiales. | E31: BASES SUBVENCIONES DE EVENTOS Y ACTIVIDADES DEPORTIVAS ANUALIDAD 2026 v.2.docx · Artículos 4, 14.2, 14.3.b, 14.4 y 15. La plantilla facilita la preparación, pero no sustituye a las bases ni a los anexos oficiales. | F31: BASES SUBVENCIONES DE EVENTOS Y ACTIVIDADES DEPORTIVAS ANUALIDAD 2026 v.2.docx · Artículos 4, 14.2, 14.3.b, 14.4 y 15. La plantilla facilita la preparación, pero no sustituye a las bases ni a los anexos oficiales. | G31: BASES SUBVENCIONES DE EVENTOS Y ACTIVIDADES DEPORTIVAS ANUALIDAD 2026 v.2.docx · Artículos 4, 14.2, 14.3.b, 14.4 y 15. La plantilla facilita la preparación, pero no sustituye a las bases ni a los anexos oficiales. | H31: BASES SUBVENCIONES DE EVENTOS Y ACTIVIDADES DEPORTIVAS ANUALIDAD 2026 v.2.docx · Artículos 4, 14.2, 14.3.b, 14.4 y 15. La plantilla facilita la preparación, pero no sustituye a las bases ni a los anexos oficiales.
